Workbook
Name _01: #REF!
Name _01_4: #REF!
Name _10Excel_BuiltIn_Print_Area_1_1_1: #REF!
Name _11Excel_BuiltIn_Print_Area_1_1_1_1: #REF!
Name _12Excel_BuiltIn_Print_Area_1_1_1_1_1: #REF!
Name _13Excel_BuiltIn_Print_Area_5_1: #REF!
Name _14Excel_BuiltIn_Print_Area_5_1_1: #REF!
Name _15Excel_BuiltIn_Print_Area_7_1: #REF!
Name _16ILUM_4_1: #REF!
Name _17INTE_4_1: #REF!
Name _18PARA_4_1: #REF!
Name _1CABO_4_1: #REF!
Name _2CAIX_4_1: #REF!
Name _3CDT_4_1: #REF!
Name _4COND_4_1: #REF!
Name _5CONE_4_1: #REF!
Name _6DIVE_4_1: #REF!
Name _7EQUI_4_1: #REF!
Name _8Excel_BuiltIn_Print_Area_1: #REF!
Name _9Excel_BuiltIn_Print_Area_1_1: #REF!
Name _A99990: #REF!
Name _A99999: #REF!
Name _s: #REF!
Name Á1: #REF!
Name AAAA: #REF!
Name ACRES: #REF!
Name ACRES_4: #REF!
Name Área_impressão_IM: #REF!
Name Área_impressão_IM_1: #REF!
Name Área_impressão_IM_1_4: #REF!
Name Área_impressão_IM_4: #REF!
Name arredondamento: #REF!
Name BBBB: #REF!
Name bdi: #REF!
Name BuiltIn_AutoFilter___1: #REF!
Name CABO: #REF!
Name CABO_2: #REF!
Name CABO_3: #REF!
Name CABO_4: #REF!
Name CABO_4_1: #REF!
Name CABO_5: #REF!
Name CABO_6: #REF!
Name CAIX: #REF!
Name CAIX_2: #REF!
Name CAIX_3: #REF!
Name CAIX_4: #REF!
Name CAIX_4_1: #REF!
Name CAIX_5: #REF!
Name CAIX_6: #REF!
Name ccc: #REF!
Name CDT: #REF!
Name CDT_2: #REF!
Name CDT_3: #REF!
Name CDT_4: #REF!
Name CDT_4_1: #REF!
Name CDT_5: #REF!
Name CDT_6: #REF!
Name COND: #REF!
Name COND_2: #REF!
Name COND_3: #REF!

Sheet Resumo
A11: RESUMO DA PLANILHA DE ORÇAMENTOS DE PROJETOS E OBRAS
A12: UFF- DIREITO II | E12: PROCESSO: 23069.164735/2025-38
A13: LOCAL: RUA TIRADENTES, 17, INGÁ, NITERÓI/RJ, CEP 24210-510 | E13: ARTs: ANEXADAS AO PROCESSO
A14: NOME DA OBRA: RECUPERAÇÃO DO TELHADO DA FACULDADE DE DIREITO - CAMPUS II | E14: BDI | F14: BDI DIF. | G14: REGIME TRIBUTÁRIO | H14: DATA-BASE | I14: REVISÃO
A15: BASE DE DADOS: SINAPI, SICRO 3, SBC, EMOP e SCO (RJ) | E15: 0.2267 | F15: 0 | G15: NÃO DESONERADO | H15: 45778 | I15: R00
A16: RESUMO
A17: ITEM | B17: DESCRIÇÃO | H17: PREÇO TOTAL | I17: PESO (%)
A18: 1 | B18: PROJETOS | H18: 22145.34 | I18: 0.015165293
A19: 2 | B19: GERENCIAMENTO DA OBRA | H19: 120434.96 | I19: 0.082474756
A20: 3 | B20: SERVIÇOS PRELIMINARES | H20: 74708.6 | I20: 0.051161005
A21: 4 | B21: MOVIMENTO DE TERRA | H21: 2173.39 | I21: 0.0014883536
A22: 5 | B22: SUPERESTRUTURA | H22: 100144.34 | I22: 0.068579589
A23: 6 | B23: ALVENARIA (PLATIBANDAS E MURETAS COBERTURA) | H23: 36740.77 | I23: 0.025160352
A24: 7 | B24: COBERTURA | H24: 235343.2 | I24: 0.16116477
A25: 8 | B25: INSTALAÇÕES HIDROSSANITÁRIAS (PLUVIAL) | H25: 47538.08 | I25: 0.032554431
A26: 9 | B26: REVESTIMENTO | H26: 114958.53 | I26: 0.078724456
A27: 10 | B27: IMPERMEABILIZAÇÃO | H27: 202770.97 | I27: 0.13885907
A28: 11 | B28: PISO | H28: 3611.1 | I28: 0.0024729081
A29: 12 | B29: PINTURA | H29: 109033.97 | I29: 0.074667273
A30: 13 | B30: SERVIÇOS COMPLEMENTARES | H30: 390661.27 | I30: 0.26752774
A31: TOTAL GERAL | H31: =SUM(H18:H30) -> 1460264.5 | I31: =SUM(I18:I30) -> 1

Sheet Sintético
A11: PLANILHA DE ORÇAMENTOS DE PROJETOS E OBRAS - SINTÉTICA
A12: =Resumo!A12 -> UFF- DIREITO II | E12: =Resumo!E12 -> PROCESSO: 23069.164735/2025-38
A13: =Resumo!A13 -> LOCAL: RUA TIRADENTES, 17, INGÁ, NITERÓI/RJ, CEP 24210-510 | E13: =Resumo!E13 -> ARTs: ANEXADAS AO PROCESSO
A14: =Resumo!A14 -> NOME DA OBRA: RECUPERAÇÃO DO TELHADO DA FACULDADE DE DIREITO - CAMPUS II | E14: =Resumo!E14 -> BDI | F14: =Resumo!F14 -> BDI DIF. | G14: =Resumo!G14 -> REGIME TRIBUTÁRIO | H14: =Resumo!H14 -> DATA-BASE | I14: =Resumo!I14 -> REVISÃO
A15: =Resumo!A15 -> BASE DE DADOS: SINAPI, SICRO 3, SBC, EMOP e SCO (RJ) | E15: =Resumo!E15 -> 0.2267 | F15: =Resumo!F15 -> 0 | G15: =Resumo!G15 -> NÃO DESONERADO | H15: =Resumo!H15 -> 45778 | I15: =Resumo!I15 -> R00
A16: ITEM | B16: CÓDIGO | C16: BASE DE DADOS | D16: DESCRIÇÃO | E16: UNIDADE | F16: QUANTIDADE | G16: CUSTO UNITÁRIO (R$) | H16: PREÇO UNIT c/ BDI (R$) | I16: PREÇO TOTAL (R$) | J16: DESCONTO OFERTADO | K16: VALOR TOTAL COM DESCONTO
A17: 1 | D17: PROJETOS | F17: 1 | H17: 22145.34 | I17: 22145.34 | J17: =$I$176 -> 0 | K17: =I17-(I17*J17) -> 22145.34
A18: 1.1 | B18: COMP DIR 17 | C18: Próprio | D18: PROJETO EXECUTIVO DE INSTALAÇÃO ELÉTRICA PARA INSTALAÇÕES TEMPORÁRIAS DO CANTEIRO DE OBRAS, INCLUSIVE DESPESAS ADMINISTRATIVAS E DE MATERIAIS [ADAPTADO EMOP (01.050.0114-0)] | E18: UND | F18: 1 | G18: 1854.54 | H18: 2274.96 | I18: 2274.96 | J18: =$I$176 -> 0 | K18: =I18-(I18*J18) -> 2274.96
A19: 1.2 | B19: COMP DIR 18 | C19: Próprio | D19: PROJETO DE SEGURANÇA CONTRA INCÊNDIO E PÂNICO PARA CANTEIRO DE OBRA, INCLUSIVE DESPESAS ADMINISTRATIVAS E DE MATERIAIS | E19: UND | F19: 1 | G19: 1236.36 | H19: 1516.64 | I19: 1516.64 | J19: =$I$176 -> 0 | K19: =I19-(I19*J19) -> 1516.64
A20: 1.3 | B20: COMP DIR 15 | C20: Próprio | D20: ELABORAÇÃO DE LAUDO TÉCNICO APÓS RESULTADO DE ENSAIOS PARA DIAGNÓSTICO PRECISO DOS MÉTODOS DE RECUPERAÇÃO ESTRUTURAL QUE SERÃO EFETIVAMENTE NECESSÁRIOS NESSA OBRA COM RELATÓRIO FOTOGRÁFICO, INCLUSIVE DESPESAS ADMINISTRATIVAS E DE MATERIAIS [ADAPTADA EMOP 01.050.0326] | E20: m² | F20: 1591.6 | G20: 6.3 | H20: 7.72 | I20: 12287.15 | J20: =$I$176 -> 0 | K20: =I20-(I20*J20) -> 12287.15
A21: 1.4 | B21: COMP DIR 16 | C21: Próprio | D21: PROJETO EXECUTIVO DE LINHA DE VIDA, INCLUSIVE DESPESAS ADMINISTRATIVAS E DE MATERIAIS [ADAPTADA EMOP (01.050.0035-0)] | E21: UND | F21: 1 | G21: 4945.46 | H21: 6066.59 | I21: 6066.59 | J21: =$I$176 -> 0 | K21: =I21-(I21*J21) -> 6066.59
A22: 2 | D22: GERENCIAMENTO DA OBRA | F22: 1 | H22: 120434.96 | I22: 120434.96 | J22: =$I$176 -> 0 | K22: =I22-(I22*J22) -> 120434.96
A23: 2.1 | B23: COMP DIR 20 | C23: Próprio | D23: ADMINISTRAÇÃO LOCAL | E23: UND | F23: 1 | G23: 98178.01 | H23: 120434.96 | I23: 120434.96 | J23: =$I$176 -> 0 | K23: =I23-(I23*J23) -> 120434.96
A24: 3 | D24: SERVIÇOS PRELIMINARES | F24: 1 | H24: 74708.6 | I24: 74708.6 | J24: =$I$176 -> 0 | K24: =I24-(I24*J24) -> 74708.6
A25: 3.1 | D25: INSTALAÇÃO DO CANTEIRO DE OBRA | F25: 1 | H25: 31297.65 | I25: 31297.65 | J25: =$I$176 -> 0 | K25: =I25-(I25*J25) -> 31297.65
A26: 3.1.1 | B26: CANT 03 | C26: Próprio | D26: MOBILIZAÇÃO DE CANTEIRO | E26: UND | F26: 1 | G26: 1436.8 | H26: 1762.52 | I26: 1762.52 | J26: =$I$176 -> 0 | K26: =I26-(I26*J26) -> 1762.52
A27: 3.1.2 | B27: 103689 | C27: SINAPI | D27: FORNECIMENTO E INSTALAÇÃO DE PLACA DE OBRA COM CHAPA GALVANIZADA E ESTRUTURA DE MADEIRA. AF_03/2022_PS | E27: m² | F27: 3.15 | G27: 479.95 | H27: 588.75 | I27: 1854.56 | J27: =$I$176 -> 0 | K27: =I27-(I27*J27) -> 1854.56
A28: 3.1.3 | B28: CANT 05 | C28: Próprio | D28: INSTALAÇÃO E LIGAÇÃO PROVISÓRIAS DE OBRA DE ÁGUA E ESGOTO A REDE PÚBLICA [ADAPTADA SCO (AD 20.20.0100)] | E28: un | F28: 1 | G28: 2262.89 | H28: 2775.88 | I28: 2775.88 | J28: =$I$176 -> 0 | K28: =I28-(I28*J28) -> 2775.88
A29: 3.1.4 | B29: CANT 06 | C29: Próprio | D29: INSTALAÇÃO E LIGAÇÃO PROVISÓRIAS DE ALIMENTAÇÃO DE ENERGIA ELÉTRICA EM BAIXA TENSÃO, PARA CANTEIRO DE OBRA, INCLUSIVE MEDIDOR. [ADAPTADA SCO (AD 20.20.0050)] | E29: un | F29: 1 | G29: 2543.99 | H29: 3120.71 | I29: 3120.71 | J29: =$I$176 -> 0 | K29: =I29-(I29*J29) -> 3120.71
A30: 3.1.5 | B30: 02.002.0012-0 | C30: EMOP | D30: TAPUME DE VEDACAO OU PROTECAO,EXECUTADO COM TELHAS TRAPEZOID AIS DE ACO GALVANIZADO,ESPESSURA DE 0,5MM,ESTAS COM 2 VEZES DE UTILIZACAO,INCLUSIVE ENGRADAMENTO DE MADEIRA,UTILIZADO 2 VEZES,EXCLUSIVE PINTURA QUIVALENTES, Nº12X12 A 18X30 ENCARGOS SOCIAIS GOS SOCIAIS | E30: m² | F30: 96.8 | G30: 44.21 | H30: 54.23 | I30: 5249.46 | J30: =$I$176 -> 0 | K30: =I30-(I30*J30) -> 5249.46
A31: 3.1.6 | B31: 02.004.0004-0 | C31: EMOP | D31: BARRACAO OBRA C/PAREDES CHAPAS MADEIRA COMPENSADA,PLASTIF.,L ISA,COLAGEM FENOLICA,PROVA D`AGUA, COM 10MM ESP.PISO E ESTRU TURA MADEIRA 3ª,COBERTURA TELHAS ONDULADAS 6MM,FIBROCIMENTO, EXCL.PINT.E LIGACOES PROVISORIAS,INCL.INST.,APARELHOS, ESQUA DRIAS E FERRAG.,PROJ.Nº2007/EMOP,ESCRITORIO,SANITARIOS,DEPOS ITOS E TORRE C/CAIXA D`AGUA 500L,REAPROVEITADO 5 VEZES DE 5/8"X1/8" ATE 1.1/2"X1/8" QUIVALENTES, Nº12X12 A 18X30 /2" OS LADOS DE 1/2" OS LADOS, DE 1" E DE 0500 LITROS 10MM ENCARGOS SOCIAIS ARGOS SOCIAIS USIVE ENCARGOS SOCIAIS GOS SOCIAIS X2,5MM2 AMBAS AS EXTREMIDADES, DE 1/2" AMBAS AS EXTREMIDADES, DE 3/4" AMBAS AS EXTREMIDADES, DE 1" RRAS DE 6,00M, DE 040MM 0M, DE 75MM 0M, DE 100MM 4" EDONDA E PORTA GRELHA, DE (150X185X75)MM ACABAMENTO RESINADO PRETO, DE (100X86X38)MM RIMENTO DE 30CM MM DE DIAMETRO INT.,40MM DE ESPESSURA, COM ALTURA DE 300MM MM DE DIAMETRO INT.,40MM DE ESPESSURA, COM ALTURA DE 150MM OR METALICOS E BALAO PLASTICO E 3"X3"X5/64" O DE LATAO MACICO, CILINDRO DE LATAO TREFILADO, DE 30MM (55X45)CM ARGOS SOCIAIS R TETICOS (CRFS), DE (2,44X1,10)M E C/ESPES. DE 6MM HAS E ARRUELAS | E31: m² | F31: 28 | G31: 471.75 | H31: 578.69 | I31: 16203.32 | J31: =$I$176 -> 0 | K31: =I31-(I31*J31) -> 16203.32
A32: 3.1.7 | B32: 036686 | C32: SBC | D32: RECARGA DE EXTINTOR PO QUIMICO 4KG - ABC | E32: UN | F32: 3 | G32: 90 | H32: 110.4 | I32: 331.2 | J32: =$I$176 -> 0 | K32: =I32-(I32*J32) -> 331.2
A33: 3.2 | D33: LIMPEZA DO TERRENO E PODA DE ÁRVORES | F33: 1 | H33: 2529.29 | I33: 2529.29 | J33: =$I$176 -> 0 | K33: =I33-(I33*J33) -> 2529.29
A34: 3.2.1 | B34: 98524 | C34: SINAPI | D34: LIMPEZA MANUAL DE VEGETAÇÃO EM TERRENO COM ENXADA. AF_03/2024 | E34: m² | F34: 189.9126 | G34: 6.69 | H34: 8.2 | I34: 1557.28 | J34: =$I$176 -> 0 | K34: =I34-(I34*J34) -> 1557.28
A35: 3.2.2 | B35: 98533 | C35: SINAPI | D35: PODA EM ALTURA DE ÁRVORE COM DIÂMETRO DE TRONCO MAIOR OU IGUAL A 0,20 M E MENOR QUE 0,40 M. AF_03/2024 | E35: UN | F35: 2 | G35: 150.24 | H35: 184.29 | I35: 368.58 | J35: =$I$176 -> 0 | K35: =I35-(I35*J35) -> 368.58
A36: 3.2.3 | B36: 98531 | C36: SINAPI | D36: CORTE RASO E RECORTE DE ÁRVORE COM DIÂMETRO DE TRONCO MAIOR OU IGUAL A 0,60 M. AF_03/2024 | E36: UN | F36: 1 | G36: 491.92 | H36: 603.43 | I36: 603.43 | J36: =$I$176 -> 0 | K36: =I36-(I36*J36) -> 603.43
A37: 3.3 | D37: DEMOLIÇÕES / REMOÇÕES | F37: 1 | H37: 32569.32 | I37: 32569.32 | J37: =$I$176 -> 0 | K37: =I37-(I37*J37) -> 32569.32
A38: 3.3.1 | B38: 97631 | C38: SINAPI | D38: DEMOLIÇÃO DE ARGAMASSAS, DE FORMA MANUAL, SEM REAPROVEITAMENTO. AF_09/2023 | E38: m² | F38: 737.2883 | G38: 16.76 | H38: 20.55 | I38: 15151.27 | J38: =$I$176 -> 0 | K38: =I38-(I38*J38) -> 15151.27
A39: 3.3.2 | B39: 023357 | C39: SBC | D39: REMOCAO E RETIRADA CAMADA BRITA EM BASES DE PAVIMENTO | E39: m³ | F39: 1.8 | G39: 104.29 | H39: 127.93 | I39: 230.27 | J39: =$I$176 -> 0 | K39: =I39-(I39*J39) -> 230.27
A40: 3.3.3 | B40: 104789 | C40: SINAPI | D40: DEMOLIÇÃO DE PISO DE CONCRETO SIMPLES, DE FORMA MANUAL, SEM REAPROVEITAMENTO. AF_09/2023 | E40: m³ | F40: 1.535 | G40: 292.5 | H40: 358.8 | I40: 550.75 | J40: =$I$176 -> 0 | K40: =I40-(I40*J40) -> 550.75
A41: 3.3.4 | B41: COMP DIR 11 | C41: Próprio | D41: REMOÇÃO DE TELHAS DE FIBROCIMENTO ONDULADA E TRANSLÚCIDA, DE FORMA MANUAL, SEM REAPROVEITAMENTO [SINAPI 97647] | E41: m² | F41: 512.6 | G41: 5.19 | H41: 6.36 | I41: 3260.13 | J41: =$I$176 -> 0 | K41: =I41-(I41*J41) -> 3260.13
A42: 3.3.5 | B42: COMP DIR 12 | C42: Próprio | D42: REMOÇÃO DE TELHAS DE FIBROCIMENTO ONDULADA, DE FORMA MANUAL, COM REAPROVEITAMENTO, INCLUSIVE AFASTAMENTO E EMPILHAMENTO [SETOP ED-48512 e SINAPI 97647] | E42: m² | F42: 145.56 | G42: 11.65 | H42: 14.29 | I42: 2080.05 | J42: =$I$176 -> 0 | K42: =I42-(I42*J42) -> 2080.05
A43: 3.3.6 | B43: 97650 | C43: SINAPI | D43: REMOÇÃO DE TRAMA DE MADEIRA PARA COBERTURA, DE FORMA MANUAL, SEM REAPROVEITAMENTO. AF_09/2023 | E43: m² | F43: 658.16 | G43: 11.21 | H43: 13.75 | I43: 9049.7 | J43: =$I$176 -> 0 | K43: =I43-(I43*J43) -> 9049.7
A44: 3.3.7 | B44: 97651 | C44: SINAPI | D44: REMOÇÃO DE TESOURAS DE MADEIRA, COM VÃO MENOR QUE 8M, DE FORMA MANUAL, SEM REAPROVEITAMENTO. AF_09/2023 | E44: UN | F44: 15 | G44: 122.13 | H44: 149.81 | I44: 2247.15 | J44: =$I$176 -> 0 | K44: =I44-(I44*J44) -> 2247.15
A45: 3.4 | D45: ENSAIOS | F45: 1 | H45: 8312.34 | I45: 8312.34 | J45: =$I$176 -> 0 | K45: =I45-(I45*J45) -> 8312.34
A46: 3.4.1 | B46: 01.001.0139-0 | C46: EMOP | D46: AVALIACAO DA ESPESSURA DE CARBONATACAO,POR PONTO,EM ESTRUTUR AS DE CONCRETO ARMADO OU PROTENDIDO,ATRAVES DE ASPERSAO DE S OLUCAO DE FENOLFTALEINA,INCLUSIVE COLETA DA AMOSTRA ARGOS SOCIAIS | E46: UN | F46: 6 | G46: 463.55 | H46: 568.63 | I46: 3411.78 | J46: =$I$176 -> 0 | K46: =I46-(I46*J46) -> 3411.78
A47: 3.4.2 | B47: 01.001.0140-0 | C47: EMOP | D47: DETERMINACAO DO TEOR DE CLORETOS,POR AMOSTRA,EM ESTRUTURAS D E CONCRETO ARMADO OU PROTENDIDO,CONFORME NORMA DA ACI-318/31 -BR36,INCLUSIVE COLETA DA AMOSTRA ARGOS SOCIAIS | E47: UN | F47: 6 | G47: 462.37 | H47: 567.18 | I47: 3403.08 | J47: =$I$176 -> 0 | K47: =I47-(I47*J47) -> 3403.08
A48: 3.4.3 | B48: 01.001.0400-0 | C48: EMOP | D48: ENSAIOS PARA RECUPERACAO DE CORROSAO EM ARMADURAS,CONSTANDO DE ENSAIO DO POTENCIAL ELETRICO DA ARMADURA EM RELACAO AO EL EMENTO ESTRUTURAL QUE A CERCA GOS SOCIAIS ARGOS SOCIAIS | E48: UN | F48: 6 | G48: 203.46 | H48: 249.58 | I48: 1497.48 | J48: =$I$176 -> 0 | K48: =I48-(I48*J48) -> 1497.48
A49: 4 | D49: MOVIMENTO DE TERRA | F49: 1 | H49: 2173.39 | I49: 2173.39 | J49: =$I$176 -> 0 | K49: =I49-(I49*J49) -> 2173.39
A50: 4.1 | B50: 93358 | C50: SINAPI | D50: ESCAVAÇÃO MANUAL DE VALA. AF_09/2024 | E50: m³ | F50: 7.24847 | G50: 124.17 | H50: 152.31 | I50: 1104.01 | J50: =$I$176 -> 0 | K50: =I50-(I50*J50) -> 1104.01
A51: 4.2 | B51: 93382 | C51: SINAPI | D51: REATERRO MANUAL DE VALAS, COM COMPACTADOR DE SOLOS DE PERCUSSÃO. AF_08/2023 | E51: m³ | F51: 10.34 | G51: 36.63 | H51: 44.93 | I51: 464.57 | J51: =$I$176 -> 0 | K51: =I51-(I51*J51) -> 464.57
A52: 4.3 | B52: 101619 | C52: SINAPI | D52: PREPARO DE FUNDO DE VALA COM LARGURA MENOR QUE 1,5 M, COM CAMADA DE BRITA, LANÇAMENTO MANUAL. AF_08/2020 | E52: m³ | F52: 1.3644 | G52: 361.36 | H52: 443.28 | I52: 604.81 | J52: =$I$176 -> 0 | K52: =I52-(I52*J52) -> 604.81
A53: 5 | D53: SUPERESTRUTURA | F53: 1 | H53: 100144.34 | I53: 100144.34 | J53: =$I$176 -> 0 | K53: =I53-(I53*J53) -> 100144.34
A54: 5.1 | D54: PILARETES E CINTAS DA PLATIBANDA | F54: 1 | H54: 34073.45 | I54: 34073.45 | J54: =$I$176 -> 0 | K54: =I54-(I54*J54) -> 34073.45
A55: 5.1.1 | B55: 94965 | C55: SINAPI | D55: CONCRETO FCK = 25MPA, TRAÇO 1:2,3:2,7 (EM MASSA SECA DE CIMENTO/ AREIA MÉDIA/ BRITA 1) - PREPARO MECÂNICO COM BETONEIRA 400 L. AF_05/2021 | E55: m³ | F55: 11.38 | G55: 498.74 | H55: 611.8 | I55: 6962.28 | J55: =$I$176 -> 0 | K55: =I55-(I55*J55) -> 6962.28
A56: 5.1.2 | B56: 92761 | C56: SINAPI | D56: ARMAÇÃO DE PILAR OU VIGA DE ESTRUTURA CONVENCIONAL DE CONCRETO ARMADO UTILIZANDO AÇO CA-50 DE 8,0 MM - MONTAGEM. AF_06/2022 | E56: KG | F56: 291 | G56: 13.89 | H56: 17.03 | I56: 4955.73 | J56: =$I$176 -> 0 | K56: =I56-(I56*J56) -> 4955.73
A57: 5.1.3 | B57: 92759 | C57: SINAPI | D57: ARMAÇÃO DE PILAR OU VIGA DE ESTRUTURA CONVENCIONAL DE CONCRETO ARMADO UTILIZANDO AÇO CA-60 DE 5,0 MM - MONTAGEM. AF_06/2022 | E57: KG | F57: 143 | G57: 16.69 | H57: 20.47 | I57: 2927.21 | J57: =$I$176 -> 0 | K57: =I57-(I57*J57) -> 2927.21
A58: 5.1.4 | B58: 92419 | C58: SINAPI | D58: MONTAGEM E DESMONTAGEM DE FÔRMA DE PILARES RETANGULARES E ESTRUTURAS SIMILARES, PÉ-DIREITO SIMPLES, EM CHAPA DE MADEIRA COMPENSADA RESINADA, 4 UTILIZAÇÕES. AF_09/2020 | E58: m² | F58: 144.9 | G58: 108.18 | H58: 132.7 | I58: 19228.23 | J58: =$I$176 -> 0 | K58: =I58-(I58*J58) -> 19228.23
A59: 5.2 | D59: RECUPERAÇÃO ESTRUTURAL | F59: 1 | H59: 66070.89 | I59: 66070.89 | J59: =$I$176 -> 0 | K59: =I59-(I59*J59) -> 66070.89
A60: 5.2.1 | B60: 11.050.0010-0 | C60: EMOP | D60: ESCORAMENTO METALICO (ALUGUEL),COM ESCORAS TELESCOPAVEIS OU TORRES DE CARGA,PARA ESTRUTURA CONVENCIONAL DE CONCRETO ARMA DO,EXCLUSIVE MONTAGEM E DESMONTAGEM (VIDE ITEM 11.055.0010). MEDICAO PELO VOLUME DE ESCORAMENTO TORRES DE CARGA, PARA ESTRUT.CONVENCIONAL CONCRETO,EXCL.TRAN | E60: M3XMES | F60: 210 | G60: 27 | H60: 33.12 | I60: 6955.2 | J60: =$I$176 -> 0 | K60: =I60-(I60*J60) -> 6955.2
A61: 5.2.2 | B61: 11.055.0010-0 | C61: EMOP | D61: MONTAGEM E DESMONTAGEM DE ESCORAMENTO METALICO,CONFORME ITEM 11.050.0010,COMPREENDENDO TRANSPORTE DO MATERIAL PARA OBRA E DESTA PARA O DEPOSITO,INCLUSIVE CARGA E DESCARGA.O CUSTO E DADO POR M3 DE ESCORAMENTO,SENDO PAGOS 60% NA MONTAGEM E 40 % NA DESMONTAGEM NCARGOS SOCIAIS GOS SOCIAIS | E61: m³ | F61: 70 | G61: 14.6 | H61: 17.9 | I61: 1253 | J61: =$I$176 -> 0 | K61: =I61-(I61*J61) -> 1253
A62: 5.2.3 | B62: REC ESTR 04 | C62: Próprio | D62: DEMARCAÇÃO / DEFINIÇÃO DE ÁREA DE REPARO DE ESTRUTURA COM SERRA PORTÁTIL, INCLUSIVE DISCO DIAMANTADO [ADAPTADA CPOS/SP 01.23.070] | E62: m | F62: 62.8 | G62: 7.62 | H62: 9.34 | I62: 586.55 | J62: =$I$176 -> 0 | K62: =I62-(I62*J62) -> 586.55
A63: 5.2.4 | B63: REC ESTR 05 | C63: Próprio | D63: ESCARIFICAÇÃO MANUAL (REMOÇÃO CUIDADOSA DE CONCRETO) ATÉ 3CM DE PROFUNDIDADE [ADAPTADA AGETOP 067010] | E63: m² | F63: 44 | G63: 125.56 | H63: 154.02 | I63: 6776.88 | J63: =$I$176 -> 0 | K63: =I63-(I63*J63) -> 6776.88
A64: 5.2.5 | B64: REC ESTR 07 | C64: Próprio | D64: LIMPEZA MANUAL DE ARMADURA E SUPERFÍCIE DE CONCRETO COM ESCOVA DE AÇO E LIXA ATÉ COMPLETA REMOÇÃO DE PARTÍCULAS SOLTAS E DOS PRODUTOS DA CORROSÃO [ADAPTADA ORSE 7388] | E64: m² | F64: 44 | G64: 20.19 | H64: 24.76 | I64: 1089.44 | J64: =$I$176 -> 0 | K64: =I64-(I64*J64) -> 1089.44
A65: 5.2.6 | B65: REC ESTR 08 | C65: Próprio | D65: LIXAMENTO MECÂNICO DE ARMADURA PARA REMOÇÃO DOS PRODUTOS DA CORROSÃO [ADAPTADA EMOP 05.004.0070] | E65: m² | F65: 44 | G65: 5.96 | H65: 7.31 | I65: 321.64 | J65: =$I$176 -> 0 | K65: =I65-(I65*J65) -> 321.64
A66: 5.2.7 | B66: REC ESTR 09 | C66: Próprio | D66: LIMPEZA DO SUBSTRATO COM JATO DE AR COMPRIMIDO [ADAPTADA FDE 16.35.019] | E66: m² | F66: 44 | G66: 8.32 | H66: 10.2 | I66: 448.8 | J66: =$I$176 -> 0 | K66: =I66-(I66*J66) -> 448.8
A67: 5.2.8 | B67: REC ESTR 10 | C67: Próprio | D67: LIMPEZA DO SUBSTRATO COM JATO DE ÁGUA ALTA PRESSÃO [SINAPI 99814] | E67: m² | F67: 44 | G67: 2.87 | H67: 3.52 | I67: 154.88 | J67: =$I$176 -> 0 | K67: =I67-(I67*J67) -> 154.88
A68: 5.2.9 | B68: REC ESTR 11 | C68: Próprio | D68: FURAÇÃO EM CONCRETO ARMADO ATÉ 16MM X 20CM, INCLUSIVE COLAGEM DE ARMADURA COM ADESIVO ESTRUTURAL, EXCLUSIVE ARMAÇÃO COM AÇO [ADAPTADA EMOP 05.001.0608 e ORSE 8215] | E68: UND | F68: 308 | G68: 11.85 | H68: 14.53 | I68: 4475.24 | J68: =$I$176 -> 0 | K68: =I68-(I68*J68) -> 4475.24
A69: 5.2.10 | B69: 92769 | C69: SINAPI | D69: ARMAÇÃO DE LAJE DE ESTRUTURA CONVENCIONAL DE CONCRETO ARMADO UTILIZANDO AÇO CA-50 DE 6,3 MM - MONTAGEM. AF_06/2022 | E69: KG | F69: 42.35 | G69: 14.41 | H69: 17.67 | I69: 748.32 | J69: =$I$176 -> 0 | K69: =I69-(I69*J69) -> 748.32
A70: 5.2.11 | B70: 92771 | C70: SINAPI | D70: ARMAÇÃO DE LAJE DE ESTRUTURA CONVENCIONAL DE CONCRETO ARMADO UTILIZANDO AÇO CA-50 DE 10,0 MM - MONTAGEM. AF_06/2022 | E70: KG | F70: 320.166 | G70: 11.56 | H70: 14.18 | I70: 4539.95 | J70: =$I$176 -> 0 | K70: =I70-(I70*J70) -> 4539.95
A71: 5.2.12 | B71: 92763 | C71: SINAPI | D71: ARMAÇÃO DE PILAR OU VIGA DE ESTRUTURA CONVENCIONAL DE CONCRETO ARMADO UTILIZANDO AÇO CA-50 DE 12,5 MM - MONTAGEM. AF_06/2022 | E71: KG | F71: 130.0992 | G71: 10.12 | H71: 12.41 | I71: 1614.53 | J71: =$I$176 -> 0 | K71: =I71-(I71*J71) -> 1614.53
... A84: 5.2.25 | B84: 102489 | C84: SINAPI | D84: PINTURA HIDROFUGANTE COM SILICONE, APLICAÇÃO MANUAL, 2 DEMÃOS. AF_05/2021 | E84: m² | F84: 44 | G84: 35.6 | H84: 43.67 | I84: 1921.48 | J84: =$I$176 -> 0 | K84: =I84-(I84*J84) -> 1921.48
A85: 6 | D85: ALVENARIA (PLATIBANDAS E MURETAS COBERTURA) | F85: 1 | H85: 36740.77 | I85: 36740.77 | J85: =$I$176 -> 0 | K85: =I85-(I85*J85) -> 36740.77
A86: 6.1 | B86: 103356 | C86: SINAPI | D86: ALVENARIA DE VEDAÇÃO DE BLOCOS CERÂMICOS FURADOS NA HORIZONTAL DE 9X19X29 CM (ESPESSURA 9 CM) E ARGAMASSA DE ASSENTAMENTO COM PREPARO EM BETONEIRA. AF_12/2021 | E86: m² | F86: 292.53 | G86: 73.39 | H86: 90.02 | I86: 26333.55 | J86: =$I$176 -> 0 | K86: =I86-(I86*J86) -> 26333.55
A87: 6.2 | B87: 103362 | C87: SINAPI | D87: ALVENARIA DE VEDAÇÃO DE BLOCOS CERÂMICOS FURADOS NA HORIZONTAL DE 19X19X29 CM (ESPESSURA 19 CM) E ARGAMASSA DE ASSENTAMENTO COM PREPARO EM BETONEIRA. AF_12/2021 | E87: m² | F87: 71.01 | G87: 119.48 | H87: 146.56 | I87: 10407.22 | J87: =$I$176 -> 0 | K87: =I87-(I87*J87) -> 10407.22
A88: 7 | D88: COBERTURA | F88: 1 | H88: 235343.2 | I88: 235343.2 | J88: =$I$176 -> 0 | K88: =I88-(I88*J88) -> 235343.2
A89: 7.1 | B89: COMP DIR 19 | C89: Próprio | D89: LIMPEZA DE ÁREA DA COBERTURA COM VASSOURA A SECO [SINAPI (99811)] | E89: m² | F89: 661.15 | G89: 5.17 | H89: 6.34 | I89: 4191.69 | J89: =$I$176 -> 0 | K89: =I89-(I89*J89) -> 4191.69
A90: 7.2 | B90: COMP DIR 01 | C90: Próprio | D90: FABRICAÇÃO E INSTALAÇÃO DE PONTALETES DE MADEIRA NÃO APARELHADA PARA TELHADOS COM ATÉ 2 ÁGUAS E COM TELHA ONDULADA DE FIBROCIMENTO, INCLUSO TRANSPORTE VERTICAL. [ADAPTADA SINAPI (100384)] | E90: m² | F90: 661.15 | G90: 92.75 | H90: 113.77 | I90: 75219.03 | J90: =$I$176 -> 0 | K90: =I90-(I90*J90) -> 75219.03
A91: 7.3 | B91: COMP DIR 02 | C91: Próprio | D91: TRAMA DE MADEIRA COMPOSTA POR TERÇAS PARA TELHADOS DE ATÉ 2 ÁGUAS PARA TELHA ONDULADA DE FIBROCIMENTO, INCLUSO TRANSPORTE VERTICAL. [ADAPTADA SINAPI (92543)] | E91: m² | F91: 661.15 | G91: 31.75 | H91: 38.94 | I91: 25745.18 | J91: =$I$176 -> 0 | K91: =I91-(I91*J91) -> 25745.18
A92: 7.4 | B92: COMP DIR 10 | C92: Próprio | D92: TELHAMENTO COM TELHA ONDULADA DE FIBROCIMENTO E = 6 MM (1,83X1,1)M, COM RECOBRIMENTO LATERAL DE 1/4 DE ONDA PARA TELHADO COM INCLINAÇÃO MAIOR QUE 10°, COM ATÉ 2 ÁGUAS, INCLUSO IÇAMENTO. [ADAPTADA SINAPI (94207)] | E92: m² | F92: 495.8625 | G92: 96 | H92: 117.76 | I92: 58392.76 | J92: =$I$176 -> 0 | K92: =I92-(I92*J92) -> 58392.76
A93: 7.5 | B93: COMP DIR 03 | C93: Próprio | D93: TELHAMENTO COM TELHA ONDULADA DE FIBROCIMENTO E = 6 MM REAPROVEITADA, COM RECOBRIMENTO LATERAL DE 1/4 DE ONDA PARA TELHADO COM INCLINAÇÃO MAIOR QUE 10°, COM ATÉ 2 ÁGUAS, INCLUSO IÇAMENTO. [ADAPTADA SINAPI (94207)] | E93: m² | F93: 165.2875 | G93: 16.32 | H93: 20.01 | I93: 3307.4 | J93: =$I$176 -> 0 | K93: =I93-(I93*J93) -> 3307.4
A94: 7.6 | B94: COMP DIR 06 | C94: Próprio | D94: FABRICAÇÃO E INSTALAÇÃO DE TESOURA INTEIRA EM MADEIRA NÃO APARELHADA, VÃO ATÉ 3 M, PARA TELHA TRANSLÚCIDA, INCLUSO IÇAMENTO. [ADAPTADA SINAPI (92555)] | E94: UN | F94: 10 | G94: 938.95 | H94: 1151.8 | I94: 11518 | J94: =$I$176 -> 0 | K94: =I94-(I94*J94) -> 11518
A95: 7.7 | B95: COMP DIR 07 | C95: Próprio | D95: TRAMA DE MADEIRA COMPOSTA POR TERÇAS PARA TELHADOS DE ATÉ 2 ÁGUAS PARA TELHA TRANSLÚCIDA, INCLUSO TRANSPORTE VERTICAL. [ADAPTADA SINAPI (92543)] | E95: m² | F95: 75.92 | G95: 65.36 | H95: 80.17 | I95: 6086.5 | J95: =$I$176 -> 0 | K95: =I95-(I95*J95) -> 6086.5
A96: 7.8 | B96: COMP DIR 09 | C96: Próprio | D96: TELHAMENTO COM TELHA ONDULADA TRANSLÚCIDA, INCLUSO CUMEEIRA E IÇAMENTO [ADAPTADA EMOP 16.011.0050 e SINAPI 94207] | E96: m² | F96: 75.92 | G96: 196.91 | H96: 241.54 | I96: 18337.71 | J96: =$I$176 -> 0 | K96: =I96-(I96*J96) -> 18337.71
A97: 7.9 | B97: COMP DIR 14 | C97: Próprio | D97: CHAPIM TIPO CAPELINHA COM PINGADEIRAS, EM CONCRETO PRÉ-MOLDADO, ASSENTADO COM ARGAMASSA 1:6 COM ADITIVO [ADAPTADA SINAPI 101972] | E97: M | F97: 200.17 | G97: 74.42 | H97: 91.29 | I97: 18273.51 | J97: =$I$176 -> 0 | K97: =I97-(I97*J97) -> 18273.51
A98: 7.10 | B98: COMP DIR 13 | C98: Próprio | D98: RUFO EM CONCRETO PRÉ-FABRICADO, MEDINDO (29X3)CM, ASSENTADO COM ARGAMASSA CIMENTO E AREIA 1:3 [ADAPTADA EMOP 11.013.0006 e 16.003.0050] | E98: M | F98: 246.33 | G98: 44.49 | H98: 54.57 | I98: 13442.22 | J98: =$I$176 -> 0 | K98: =I98-(I98*J98) -> 13442.22
A99: 7.11 | B99: COB 13 | C99: Próprio | D99: LONA PLÁSTICA PRETA 150 MICRAS PARA IMPERMEABILIZAÇÃO PROVISÓRIA - FORNECIMENTO E INSTALAÇÃO. [ADAPTADA SINAPI (97087)] | E99: m² | F99: 368.535 | G99: 1.84 | H99: 2.25 | I99: 829.2 | J99: =$I$176 -> 0 | K99: =I99-(I99*J99) -> 829.2
A100: 8 | D100: INSTALAÇÕES HIDROSSANITÁRIAS (PLUVIAL) | F100: 1 | H100: 47538.08 | I100: 47538.08 | J100: =$I$176 -> 0 | K100: =I100-(I100*J100) -> 47538.08
A101: 8.1 | B101: PLUV 01 | C101: Próprio | D101: DESOBSTRUÇÃO COM LIMPEZA MANUAL DA TUBULAÇÃO DE REDE PLUVIAL [ADAPTADA FDE 16.80.139] | E101: M | F101: 144 | G101: 10.48 | H101: 12.85 | I101: 1850.4 | J101: =$I$176 -> 0 | K101: =I101-(I101*J101) -> 1850.4
A102: 8.2 | B102: 89580 | C102: SINAPI | D102: TUBO PVC, SÉRIE R, ÁGUA PLUVIAL, DN 150 MM, FORNECIDO E INSTALADO EM CONDUTORES VERTICAIS DE ÁGUAS PLUVIAIS. AF_06/2022 | E102: M | F102: 134.2 | G102: 76.39 | H102: 93.7 | I102: 12574.54 | J102: =$I$176 -> 0 | K102: =I102-(I102*J102) -> 12574.54
A103: 8.3 | B103: 104166 | C103: SINAPI | D103: TUBO PVC, SÉRIE R, ÁGUA PLUVIAL, DN 150 MM, FORNECIDO E INSTALADO EM RAMAL DE ENCAMINHAMENTO. AF_06/2022 | E103: M | F103: 61 | G103: 84.87 | H103: 104.11 | I103: 6350.71 | J103: =$I$176 -> 0 | K103: =I103-(I103*J103) -> 6350.71
A104: 8.4 | B104: PLUV 02 | C104: Próprio | D104: FIXAÇÃO DE TUBOS VERTICAIS DE PVC ÁGUA PLUVIAL, DIÂMETROS MAIORES QUE 100 MM E MENORES OU IGUAIS A 150 MM, COM ABRAÇADEIRA METÁLICA, FIXADA EM PAREDE. [ADAPTADA SINAPI (91175)] | E104: M | F104: 134.2 | G104: 11.19 | H104: 13.72 | I104: 1841.22 | J104: =$I$176 -> 0 | K104: =I104-(I104*J104) -> 1841.22
A105: 8.5 | B105: 89590 | C105: SINAPI | D105: JOELHO 90 GRAUS, PVC, SERIE R, ÁGUA PLUVIAL, DN 150 MM, JUNTA ELÁSTICA, FORNECIDO E INSTALADO EM CONDUTORES VERTICAIS DE ÁGUAS PLUVIAIS. AF_06/2022 | E105: UN | F105: 33 | G105: 146.59 | H105: 179.82 | I105: 5934.06 | J105: =$I$176 -> 0 | K105: =I105-(I105*J105) -> 5934.06
A106: 8.6 | B106: 89592 | C106: SINAPI | D106: CURVA 87 GRAUS E 30 MINUTOS, PVC, SERIE R, ÁGUA PLUVIAL, DN 150 MM, JUNTA ELÁSTICA, FORNECIDO E INSTALADO EM CONDUTORES VERTICAIS DE ÁGUAS PLUVIAIS. AF_06/2022 | E106: UN | F106: 11 | G106: 173.25 | H106: 212.52 | I106: 2337.72 | J106: =$I$176 -> 0 | K106: =I106-(I106*J106) -> 2337.72
A107: 8.7 | B107: 89677 | C107: SINAPI | D107: LUVA SIMPLES, PVC, SERIE R, ÁGUA PLUVIAL, DN 150 MM, JUNTA ELÁSTICA, FORNECIDO E INSTALADO EM CONDUTORES VERTICAIS DE ÁGUAS PLUVIAIS. AF_06/2022 | E107: UN | F107: 11 | G107: 85.7 | H107: 105.12 | I107: 1156.32 | J107: =$I$176 -> 0 | K107: =I107-(I107*J107) -> 1156.32
A108: 8.8 | B108: PLUV 03 | C108: Próprio | D108: RALO SEMIESFÉRICO 100MM - FORNECIMENTO E COLOCAÇÃO [ADAPTADA EMOP 15.003.0178] | E108: UND | F108: 12 | G108: 42.59 | H108: 52.24 | I108: 626.88 | J108: =$I$176 -> 0 | K108: =I108-(I108*J108) -> 626.88
A109: 8.9 | B109: 101802 | C109: SINAPI | D109: CAIXA ENTERRADA RETENTORA DE AREIA RETANGULAR, EM ALVENARIA COM BLOCOS DE CONCRETO, DIMENSÕES INTERNAS: 1,00 X 1,00 X 1,20 M, EXCLUINDO TAMPÃO. AF_12/2020 | E109: UN | F109: 4 | G109: 1959.82 | H109: 2404.11 | I109: 9616.44 | J109: =$I$176 -> 0 | K109: =I109-(I109*J109) -> 9616.44
A110: 8.10 | B110: PLUV 06 | C110: Próprio | D110: TAMPA PARA DRENAGEM, EM CONCRETO PRÉ-MOLDADO, 60X60CM E ALTURA = 10CM. [ADAPTADA SINAPI (98115)] | E110: UN | F110: 4 | G110: 123.93 | H110: 152.02 | I110: 608.08 | J110: =$I$176 -> 0 | K110: =I110-(I110*J110) -> 608.08
A111: 8.11 | B111: PLUV 04 | C111: Próprio | D111: GRELHA REQUADRO, 200 X 200 MM, PARA DESCIDAS, ASSENTADA COM ARGAMASSA 1 : 3 CIMENTO: AREIA - FORNECIMENTO E INSTALAÇÃO. [ADAPTADA SINAPI (103002)] | E111: UN | F111: 11 | G111: 92.75 | H111: 113.77 | I111: 1251.47 | J111: =$I$176 -> 0 | K111: =I111-(I111*J111) -> 1251.47
A112: 8.12 | B112: PLUV 05 | C112: Próprio | D112: BUZINOTE TUBO 50MM [ADAPTADA SIURB 2090040] | E112: UND | F112: 12 | G112: 20.97 | H112: 25.72 | I112: 308.64 | J112: =$I$176 -> 0 | K112: =I112-(I112*J112) -> 308.64
A113: 8.13 | B113: 90702 | C113: SINAPI | D113: TUBO DE PVC CORRUGADO DE DUPLA PAREDE PARA REDE COLETORA DE ESGOTO, DN 200 MM, JUNTA ELÁSTICA - FORNECIMENTO E ASSENTAMENTO. AF_01/2021 | E113: M | F113: 20 | G113: 125.61 | H113: 154.08 | I113: 3081.6 | J113: =$I$176 -> 0 | K113: =I113-(I113*J113) -> 3081.6
A114: 9 | D114: REVESTIMENTO | F114: 1 | H114: 114958.53 | I114: 114958.53 | J114: =$I$176 -> 0 | K114: =I114-(I114*J114) -> 114958.53
A115: 9.1 | D115: TETO 3º PAV (RECUPERADO) | F115: 1 | H115: 25739.83 | I115: 25739.83 | J115: =$I$176 -> 0 | K115: =I115-(I115*J115) -> 25739.83
A116: 9.1.1 | B116: 87886 | C116: SINAPI | D116: CHAPISCO APLICADO NO TETO OU EM ESTRUTURA, COM DESEMPENADEIRA DENTADA. ARGAMASSA INDUSTRIALIZADA COM PREPARO MANUAL. AF_10/2022 | E116: m² | F116: 278.63 | G116: 19.17 | H116: 23.51 | I116: 6550.59 | J116: =$I$176 -> 0 | K116: =I116-(I116*J116) -> 6550.59
A117: 9.1.2 | B117: 90406 | C117: SINAPI | D117: MASSA ÚNICA, EM ARGAMASSA TRAÇO 1:2:8, PREPARO MECÂNICO, APLICADA MANUALMENTE EM TETO, E = 17,5MM, COM TALISCAS. AF_03/2024 | E117: m² | F117: 278.63 | G117: 56.15 | H117: 68.87 | I117: 19189.24 | J117: =$I$176 -> 0 | K117: =I117-(I117*J117) -> 19189.24
A118: 9.2 | D118: PAREDE | F118: 1 | H118: 89218.7 | I118: 89218.7 | J118: =$I$176 -> 0 | K118: =I118-(I118*J118) -> 89218.7
A119: 9.2.1 | B119: 87894 | C119: SINAPI | D119: CHAPISCO APLICADO EM ALVENARIA (SEM PRESENÇA DE VÃOS) E ESTRUTURAS DE CONCRETO DE FACHADA, COM COLHER DE PEDREIRO. ARGAMASSA TRAÇO 1:3 COM PREPARO EM BETONEIRA 400L. AF_10/2022 | E119: m² | F119: 1022.29 | G119: 8.97 | H119: 11 | I119: 11245.19 | J119: =$I$176 -> 0 | K119: =I119-(I119*J119) -> 11245.19
A120: 9.2.2 | B120: 104234 | C120: SINAPI | D120: EMBOÇO OU MASSA ÚNICA EM ARGAMASSA TRAÇO 1:2:8, PREPARO MANUAL, APLICADA MANUALMENTE EM PANOS DE FACHADA SEM PRESENÇA DE VÃOS, ESPESSURA DE 25 MM, ACESSO POR ANDAIME. AF_08/2022 | E120: m² | F120: 839.08 | G120: 52.98 | H120: 64.99 | I120: 54531.8 | J120: =$I$176 -> 0 | K120: =I120-(I120*J120) -> 54531.8
A121: 9.2.3 | B121: 87827 | C121: SINAPI | D121: EMBOÇO OU MASSA ÚNICA EM ARGAMASSA TRAÇO 1:2:8, PREPARO MANUAL, APLICADA MANUALMENTE NAS PAREDES INTERNAS DA SACADA, ESPESSURA DE 25 MM, SEM USO DE TELA METÁLICA DE REFORÇO CONTRA FISSURAÇÃO. AF_08/2022 | E121: m² | F121: 183.21 | G121: 104.31 | H121: 127.95 | I121: 23441.71 | J121: =$I$176 -> 0 | K121: =I121-(I121*J121) -> 23441.71
A122: 10 | D122: IMPERMEABILIZAÇÃO | F122: 1 | H122: 202770.97 | I122: 202770.97 | J122: =$I$176 -> 0 | K122: =I122-(I122*J122) -> 202770.97
...

Sheet Composições
A11: PLANILHA DE COMPOSIÇÕES ANALÍTICAS COM PREÇO UNITÁRIO
A12: =Sintético!A12 -> UFF- DIREITO II | E12: =Resumo!E12 -> PROCESSO: 23069.164735/2025-38
A13: =Sintético!A13 -> LOCAL: RUA TIRADENTES, 17, INGÁ, NITERÓI/RJ, CEP 24210-510 | E13: =Resumo!E13 -> ARTs: ANEXADAS AO PROCESSO
A14: =Sintético!A14 -> NOME DA OBRA: RECUPERAÇÃO DO TELHADO DA FACULDADE DE DIREITO - CAMPUS II | E14: =Resumo!E14 -> BDI | F14: =Resumo!F14 -> BDI DIF. | G14: =Resumo!G14 -> REGIME TRIBUTÁRIO | H14: =Resumo!H14 -> DATA-BASE | I14: =Resumo!I14 -> REVISÃO
A15: =Sintético!A15 -> BASE DE DADOS: SINAPI, SICRO 3, SBC, EMOP e SCO (RJ) | E15: =Resumo!E15 -> 0.2267 | F15: =Resumo!F15 -> 0 | G15: =Resumo!G15 -> NÃO DESONERADO | H15: =Resumo!H15 -> 45778 | I15: =Resumo!I15 -> R00
A16: Composições Principais
A17: 1.1 | B17: Código | C17: Banco | D17: Descrição | E17: Und | F17: Quant. | G17: Porcent. | H17: Valor Unit | I17: Total
A18: Composição | B18: COMP DIR 17 | C18: Próprio | D18: PROJETO EXECUTIVO DE INSTALAÇÃO ELÉTRICA PARA INSTALAÇÕES TEMPORÁRIAS DO CANTEIRO DE OBRAS, INCLUSIVE DESPESAS ADMINISTRATIVAS E DE MATERIAIS [ADAPTADO EMOP (01.050.0114-0)] | E18: UND | F18: 1 | H18: 1854.54 | I18: 1854.54
A19: Insumo | B19: 10965 | C19: EMOP | D19: MAO-DE-OBRA DE ARQUITETO OU ENGENHEIRO S ENIOR DE CONSULTORIA, INCLUSIVE ENCARGOS SOCIAIS | E19: H | F19: 6 | G19: 9 | H19: 283.57 | I19: 1854.54
E20: 1854.54 | F20: LS => | G20: 0 | H20: MO com LS => | I20: 1854.54
E21: 420.42 | G21: Valor com BDI => | I21: 2274.96
A23: 1.2 | B23: Código | C23: Banco | D23: Descrição | E23: Und | F23: Quant. | G23: Porcent. | H23: Valor Unit | I23: Total
A24: Composição | B24: COMP DIR 18 | C24: Próprio | D24: PROJETO DE SEGURANÇA CONTRA INCÊNDIO E PÂNICO PARA CANTEIRO DE OBRA, INCLUSIVE DESPESAS ADMINISTRATIVAS E DE MATERIAIS | E24: UND | F24: 1 | H24: 1236.36 | I24: 1236.36
A25: Insumo | B25: 10965 | C25: EMOP | D25: MAO-DE-OBRA DE ARQUITETO OU ENGENHEIRO S ENIOR DE CONSULTORIA, INCLUSIVE ENCARGOS SOCIAIS | E25: H | F25: 4 | G25: 9 | H25: 283.57 | I25: 1236.36
E26: 1236.36 | F26: LS => | G26: 0 | H26: MO com LS => | I26: 1236.36
E27: 280.28 | G27: Valor com BDI => | I27: 1516.64
A29: 1.3 | B29: Código | C29: Banco | D29: Descrição | E29: Und | F29: Quant. | G29: Porcent. | H29: Valor Unit | I29: Total
A30: Composição | B30: COMP DIR 15 | C30: Próprio | D30: ELABORAÇÃO DE LAUDO TÉCNICO APÓS RESULTADO DE ENSAIOS PARA DIAGNÓSTICO PRECISO DOS MÉTODOS DE RECUPERAÇÃO ESTRUTURAL QUE SERÃO EFETIVAMENTE NECESSÁRIOS NESSA OBRA COM RELATÓRIO FOTOGRÁFICO, INCLUSIVE DESPESAS ADMINISTRATIVAS E DE MATERIAIS [ADAPTADA EMOP 01.050.0326] | E30: m² | F30: 1 | H30: 6.3 | I30: 6.3
A31: Insumo | B31: 10995 | C31: EMOP | D31: MAO-DE-OBRA DE DIGITADOR, INCLUSIVE ENCA RGOS SOCIAIS | E31: H | F31: 0.013 | G31: 9 | H31: 25.58 | I31: 0.36
A32: Insumo | B32: 01915 | C32: EMOP | D32: MAO-DE-OBRA DE ENGENHEIRO OU ARQUITETO J UNIOR, INCLUSIVE ENCARGOS SOCIAIS | E32: H | F32: 0.04 | G32: 9 | H32: 129.56 | I32: 5.64
A33: Insumo | B33: 01924 | C33: EMOP | D33: MAO-DE-OBRA DE AUXILIAR TECNICO, INCLUSI VE ENCARGOS SOCIAIS | E33: H | F33: 0.013 | G33: 9 | H33: 21.27 | I33: 0.3
E34: 6.3 | F34: LS => | G34: 0 | H34: MO com LS => | I34: 6.3
E35: 1.42 | G35: Valor com BDI => | I35: 7.72
A37: 1.4 | B37: Código | C37: Banco | D37: Descrição | E37: Und | F37: Quant. | G37: Porcent. | H37: Valor Unit | I37: Total
A38: Composição | B38: COMP DIR 16 | C38: Próprio | D38: PROJETO EXECUTIVO DE LINHA DE VIDA, INCLUSIVE DESPESAS ADMINISTRATIVAS E DE MATERIAIS [ADAPTADA EMOP (01.050.0035-0)] | E38: UND | F38: 1 | H38: 4945.46 | I38: 4945.46
A39: Insumo | B39: 10965 | C39: EMOP | D39: MAO-DE-OBRA DE ARQUITETO OU ENGENHEIRO S ENIOR DE CONSULTORIA, INCLUSIVE ENCARGOS SOCIAIS | E39: H | F39: 16 | G39: 9 | H39: 283.57 | I39: 4945.46
E40: 4945.46 | F40: LS => | G40: 0 | H40: MO com LS => | I40: 4945.46
E41: 1121.13 | G41: Valor com BDI => | I41: 6066.59
A43: 2.1 | B43: Código | C43: Banco | D43: Descrição | E43: Und | F43: Quant. | G43: Porcent. | H43: Valor Unit | I43: Total
A44: Composição | B44: COMP DIR 20 | C44: Próprio | D44: ADMINISTRAÇÃO LOCAL | E44: UND | F44: 1 | H44: 98178.01 | I44: 98178.01
A45: Composição Auxiliar | B45: 93572 | C45: SINAPI | D45: ENCARREGADO GERAL DE OBRAS COM ENCARGOS COMPLEMENTARES | E45: MES | F45: 7 | G45: 0 | H45: 8821.83 | I45: 61752.81
A46: Composição Auxiliar | B46: GER 03 | C46: Próprio | D46: TECNICO DE SEGURANÇA COM ENCARGOS COMPLEMENTARES (2H POR DIA) | E46: MÊS | F46: 7 | G46: 0 | H46: 2106.58 | I46: 14746.06
A47: Composição Auxiliar | B47: GER 01 | C47: Próprio | D47: ENGENHEIRO CIVIL DE OBRA COM ENCARGOS COMPLEMENTARES (1H POR DIA) | E47: MÊS | F47: 7 | G47: 0 | H47: 3097.02 | I47: 21679.14
E48: 93205.42 | F48: LS => | G48: 0 | H48: MO com LS => | I48: 93205.42
E49: 22256.95 | G49: Valor com BDI => | I49: 120434.96
A51: 3.1.1 | B51: Código | C51: Banco | D51: Descrição | E51: Und | F51: Quant. | G51: Porcent. | H51: Valor Unit | I51: Total
A52: Composição | B52: CANT 03 | C52: Próprio | D52: MOBILIZAÇÃO DE CANTEIRO | E52: UND | F52: 1 | H52: 1436.8 | I52: 1436.8
A53: Composição Auxiliar | B53: 88316 | C53: SINAPI | D53: SERVENTE COM ENCARGOS COMPLEMENTARES | E53: H | F53: 16 | G53: 0 | H53: 31.39 | I53: 502.24
A54: Composição Auxiliar | B54: 92138 | C54: SINAPI | D54: CAMINHONETE COM MOTOR A DIESEL, POTÊNCIA 180 CV, CABINE DUPLA, 4X4 - CHP DIURNO. AF_11/2015 | E54: CHP | F54: 8 | G54: 0 | H54: 116.82 | I54: 934.56
E55: 642.16 | F55: LS => | G55: 0 | H55: MO com LS => | I55: 642.16
E56: 325.72 | G56: Valor com BDI => | I56: 1762.52
A58: 3.1.2 | B58: Código | C58: Banco | D58: Descrição | E58: Und | F58: Quant. | G58: Porcent. | H58: Valor Unit | I58: Total
A59: Composição | B59: 103689 | C59: SINAPI | D59: FORNECIMENTO E INSTALAÇÃO DE PLACA DE OBRA COM CHAPA GALVANIZADA E ESTRUTURA DE MADEIRA. AF_03/2022_PS | E59: m² | F59: 1 | H59: 479.95 | I59: 479.95
A60: Composição Auxiliar | B60: 88316 | C60: SINAPI | D60: SERVENTE COM ENCARGOS COMPLEMENTARES | E60: H | F60: 1.1186 | G60: 0 | H60: 31.39 | I60: 35.11
A61: Composição Auxiliar | B61: 102234 | C61: SINAPI | D61: PINTURA IMUNIZANTE PARA MADEIRA, 2 DEMÃOS. AF_01/2021 | E61: m² | F61: 0.5 | G61: 0 | H61: 30.79 | I61: 15.39
A62: Composição Auxiliar | B62: 88262 | C62: SINAPI | D62: CARPINTEIRO DE FORMAS COM ENCARGOS COMPLEMENTARES | E62: H | F62: 0.3729 | G62: 0 | H62: 39.2 | I62: 14.61
A63: Insumo | B63: 00004813 | C63: SINAPI | D63: PLACA DE OBRA (PARA CONSTRUCAO CIVIL) EM CHAPA GALVANIZADA *N. 22*, ADESIVADA, DE *2,4 X 1,2* M (SEM POSTES PARA FIXACAO) | E63: m² | F63: 1 | G63: 0 | H63: 400 | I63: 400
A64: Insumo | B64: 00004509 | C64: SINAPI | D64: SARRAFO *2,5 X 10* CM EM PINUS, MISTA OU EQUIVALENTE DA REGIAO - BRUTA | E64: M | F64: 3.2083 | G64: 0 | H64: 4.42 | I64: 14.18
A65: Insumo | B65: 00005065 | C65: SINAPI | D65: PREGO DE ACO POLIDO COM CABECA 10 X 10 (7/8 X 17) | E65: KG | F65: 0.0113 | G65: 0 | H65: 36.47 | I65: 0.41
A66: Insumo | B66: 00005069 | C66: SINAPI | D66: PREGO DE ACO POLIDO COM CABECA 17 X 27 (2 1/2 X 11) | E66: KG | F66: 0.0132 | G66: 0 | H66: 19.54 | I66: 0.25
E67: 41.51 | F67: LS => | G67: 0 | H67: MO com LS => | I67: 41.51
E68: 108.8 | G68: Valor com BDI => | I68: 588.75
A70: 3.1.3 | B70: Código | C70: Banco | D70: Descrição | E70: Und | F70: Quant. | G70: Porcent. | H70: Valor Unit | I70: Total
A71: Composição | B71: CANT 05 | C71: Próprio | D71: INSTALAÇÃO E LIGAÇÃO PROVISÓRIAS DE OBRA DE ÁGUA E ESGOTO A REDE PÚBLICA [ADAPTADA SCO (AD 20.20.0100)] | E71: un | F71: 1 | H71: 2262.89 | I71: 2262.89
A72: Composição Auxiliar | B72: 88316 | C72: SINAPI | D72: SERVENTE COM ENCARGOS COMPLEMENTARES | E72: H | F72: 4 | G72: 0 | H72: 31.39 | I72: 125.56
A73: Composição Auxiliar | B73: 88309 | C73: SINAPI | D73: PEDREIRO COM ENCARGOS COMPLEMENTARES | E73: H | F73: 4 | G73: 0 | H73: 40.1 | I73: 160.4
A74: Composição Auxiliar | B74: 88267 | C74: SINAPI | D74: ENCANADOR OU BOMBEIRO HIDRÁULICO COM ENCARGOS COMPLEMENTARES | E74: H | F74: 4 | G74: 0 | H74: 38.59 | I74: 154.36
A75: Composição Auxiliar | B75: 93382 | C75: SINAPI | D75: REATERRO MANUAL DE VALAS, COM COMPACTADOR DE SOLOS DE PERCUSSÃO. AF_08/2023 | E75: m³ | F75: 0.85 | G75: 0 | H75: 36.63 | I75: 31.13
A76: Composição Auxiliar | B76: 93358 | C76: SINAPI | D76: ESCAVAÇÃO MANUAL DE VALA. AF_09/2024 | E76: m³ | F76: 0.85 | G76: 0 | H76: 124.17 | I76: 105.54
A77: Insumo | B77: MAT146400 | C77: SCO | D77: Tubo de PVC rígido, roscável, com rosca em ambas extremidades, vara com 6m, diâmetro nominal de Tubo de PVC rígido, roscável, com rosca em ambas extremidades, vara com 6m, diâmetro nominal de 1/2" | E77: un | F77: 1 | G77: 0 | H77: 57.68 | I77: 57.68
A78: Insumo | B78: MAT119550 | C78: SCO | D78: Registro de gaveta bruto, em bronze, diâmetro nominal de Registro de gaveta bruto, em bronze, diâmetro nominal de 1/2" | E78: un | F78: 1 | G78: 0 | H78: 55.83 | I78: 55.83
A79: Insumo | B79: MAT148100 | C79: SCO | D79: União de PVC rígido, roscável, diâmetro nominal de União de PVC rígido, roscável, diâmetro nominal de 1/2" | E79: un | F79: 1 | G79: 0 | H79: 3.47 | I79: 3.47
A80: Insumo | B80: MAT085200 | C80: SCO | D80: Luva de PVC rígido, solda e rosca (SR), de 25mmx1/2" | E80: un | F80: 1 | G80: 0 | H80: 1.16 | I80: 1.16
A81: Insumo | B81: MAT034850 | C81: SCO | D81: Colar de tomada de PVC rígido, diâmetro nominal de Colar de tomada de PVC rígido, diâmetro nominal de 50mmx1/2" | E81: un | F81: 1 | G81: 0 | H81: 9.47 | I81: 9.47
A82: Insumo | B82: MAT080150 | C82: SCO | D82: Ligação de água pela CEDAE, sem limitador de consumo e passeio cimentado (Tabelas III + IV), de 3/4" | E82: un | F82: 1 | G82: 0 | H82: 1340.89 | I82: 1340.89
A83: Insumo | B83: MAT019700 | C83: SCO | D83: Bucha de redução de latão, diâmetro nominal de 3/4"x1/2" | E83: un | F83: 2 | G83: 0 | H83: 7.82 | I83: 15.64
... A87: Insumo | B87: MAT084600 | C87: SCO | D87: Luva de PVC rígido, roscável, diâmetro nominal de Luva de PVC rígido, roscável, diâmetro nominal de 1/2" | E87: un | F87: 1 | G87: 0 | H87: 0.99 | I87: 0.99
E88: 415.39 | F88: LS => | G88: 0 | H88: MO com LS => | I88: 415.39
E89: 512.99 | G89: Valor com BDI => | I89: 2775.88
A91: 3.1.4 | B91: Código | C91: Banco | D91: Descrição | E91: Und | F91: Quant. | G91: Porcent. | H91: Valor Unit | I91: Total
A92: Composição | B92: CANT 06 | C92: Próprio | D92: INSTALAÇÃO E LIGAÇÃO PROVISÓRIAS DE ALIMENTAÇÃO DE ENERGIA ELÉTRICA EM BAIXA TENSÃO, PARA CANTEIRO DE OBRA, INCLUSIVE MEDIDOR. [ADAPTADA SCO (AD 20.20.0050)] | E92: un | F92: 1 | H92: 2543.99 | I92: 2543.99
A93: Composição Auxiliar | B93: 88309 | C93: SINAPI | D93: PEDREIRO COM ENCARGOS COMPLEMENTARES | E93: H | F93: 2 | G93: 0 | H93: 40.1 | I93: 80.2
A94: Composição Auxiliar | B94: 88264 | C94: SINAPI | D94: ELETRICISTA COM ENCARGOS COMPLEMENTARES | E94: H | F94: 8 | G94: 0 | H94: 39.94 | I94: 319.52
A95: Composição Auxiliar | B95: ET 05.05.0100 | C95: SCO | D95: Materiais para confeccao de concreto estrutural dosado para uma resistencia caracteristica a compressao (fck) minimo de 11MPa, inclusive perdas. Fornecimento. | E95: m³ | F95: 0.08 | G95: 0 | H95: 357.45 | I95: 28.59
A96: Composição Auxiliar | B96: 88316 | C96: SINAPI | D96: SERVENTE COM ENCARGOS COMPLEMENTARES | E96: H | F96: 8 | G96: 0 | H96: 31.39 | I96: 251.12
A97: Composição Auxiliar | B97: 101946 | C97: SINAPI | D97: QUADRO DE MEDIÇÃO GERAL DE ENERGIA PARA 1 MEDIDOR DE SOBREPOR - FORNECIMENTO E INSTALAÇÃO. AF_10/2020 | E97: UN | F97: 1 | G97: 0 | H97: 222.92 | I97: 222.92
A98: Insumo | B98: MAT026250 | C98: SCO | D98: Caixa de sobrepor em chapa de aço esmaltado, de: (15x15)cm | E98: un | F98: 1 | G98: 0 | H98: 35.1 | I98: 35.1
A99: Insumo | B99: MAT015900 | C99: SCO | D99: Braçadeira de aço galvanizado, simples, tipo "U", para tubo de 1 1/2" | E99: un | F99: 1 | G99: 0 | H99: 1.07 | I99: 1.07
A100: Insumo | B100: MAT066550 | C100: SCO | D100: Haste de aterramento cobreada, alta camada, de (5/8"x2,40m) | E100: un | F100: 1 | G100: 0 | H100: 93.76 | I100: 93.76
A101: Insumo | B101: MAT084800 | C101: SCO | D101: Luva de PVC rígido, roscável, diâmetro nominal de Luva de PVC rígido, roscável, diâmetro nominal de 1 1/2" | E101: un | F101: 4 | G101: 0 | H101: 6.17 | I101: 24.68
A102: Insumo | B102: MAT026300 | C102: SCO | D102: Caixa em noryl e policarbonato, para medidor trifásico, padrão Light | E102: un | F102: 1 | G102: 0 | H102: 86.6 | I102: 86.6
A103: Insumo | B103: MAT023750 | C103: SCO | D103: Cabo de cobre rígido, 750V, PVC/70°C, de Cabo de cobre rígido, 750V, PVC/70°C, de 16mm2 | E103: m | F103: 24 | G103: 0 | H103: 8.63 | I103: 207.12
A104: Insumo | B104: MAT006750 | C104: SCO | D104: Arruela de alumínio, de Arruela de alumínio, de 1 1/2" | E104: un | F104: 3 | G104: 0 | H104: 1.39 | I104: 4.17
... A111: Insumo | B111: MAT046300 | C111: SCO | D111: Curva de PVC rígido, 90°, para eletroduto, diâmetro nominal de Curva de PVC rígido, 90°, para eletroduto, diâmetro nominal de 1 1/2" | E111: un | F111: 3 | G111: 0 | H111: 5.09 | I111: 15.27
E112: 551.44 | F112: LS => | G112: 0 | H112: MO com LS => | I112: 551.44
E113: 576.72 | G113: Valor com BDI => | I113: 3120.71
A115: 3.1.5 | B115: Código | C115: Banco | D115: Descrição | E115: Und | F115: Quant. | G115: Porcent. | H115: Valor Unit | I115: Total
A116: Composição | B116: 02.002.0012-0 | C116: EMOP | D116: TAPUME DE VEDACAO OU PROTECAO,EXECUTADO COM TELHAS TRAPEZOID AIS DE ACO GALVANIZADO,ESPESSURA DE 0,5MM,ESTAS COM 2 VEZES DE UTILIZACAO,INCLUSIVE ENGRADAMENTO DE MADEIRA,UTILIZADO 2 VEZES,EXCLUSIVE PINTURA QUIVALENTES, Nº12X12 A 18X30 ENCARGOS SOCIAIS GOS SOCIAIS | E116: m² | F116: 1 | H116: 44.21 | I116: 44.21
A117: Insumo | B117: 00368 | C117: EMOP | D117: PINUS, EM PECAS DE 7,50X7,50CM (3"X3") - GRUPOS: I,II,III E IV, DA TABELA CLASSI FICATORIA MUNICIPAL DE ESPECIFICACOES DE PRODUTOS MADEIREIROS DO MUNICIPIO DO RJ | E117: M | F117: 0.8 | G117: 0 | H117: 6.95 | I117: 5.56
A118: Insumo | B118: 00453 | C118: EMOP | D118: PREGO COM OU SEM CABECA, EM CAIXAS DE 50 KG, OU QUANTIDADES EQUIVALENTES, Nº12X12 A 18X30 | E118: KG | F118: 0.05 | G118: 0 | H118: 15.35 | I118: 0.76
A119: Insumo | B119: 01967 | C119: EMOP | D119: MAO-DE-OBRA DE CARPINTEIRO DE ESQUADRIAS DE MADEIRA INCLUSIVE ENCARGOS SOCIAIS | E119: H | F119: 0.2 | G119: 3 | H119: 30.07 | I119: 6.19
A120: Insumo | B120: 01999 | C120: EMOP | D120: MAO-DE-OBRA DE SERVENTE DA CONSTRUCAO CI VIL, INCLUSIVE ENCARGOS SOCIAIS | E120: H | F120: 0.2 | G120: 3 | H120: 20.19 | I120: 4.15
A121: Insumo | B121: 13732 | C121: EMOP | D121: TELHA TRAPEZOIDAL EM ACO GALVANIZADO, ES PESSURA DE 0,5MM | E121: m² | F121: 0.525 | G121: 0 | H121: 52.49 | I121: 27.55
E122: 10.34 | F122: LS => | G122: 0 | H122: MO com LS => | I122: 10.34
E123: 10.02 | G123: Valor com BDI => | I123: 54.23
A125: 3.1.6 | B125: Código | C125: Banco | D125: Descrição | E125: Und | F125: Quant. | G125: Porcent. | H125: Valor Unit | I125: Total
A126: Composição | B126: 02.004.0004-0 | C126: EMOP | D126: BARRACAO OBRA C/PAREDES CHAPAS MADEIRA COMPENSADA,PLASTIF.,L ISA,COLAGEM FENOLICA,PROVA D`AGUA, COM 10MM ESP.PISO E ESTRU TURA MADEIRA 3ª,COBERTURA TELHAS ONDULADAS 6MM,FIBROCIMENTO, EXCL.PINT.E LIGACOES PROVISORIAS,INCL.INST.,APARELHOS, ESQUA DRIAS E FERRAG.,PROJ.Nº2007/EMOP,ESCRITORIO,SANITARIOS,DEPOS ITOS E TORRE C/CAIXA D`AGUA 500L,REAPROVEITADO 5 VEZES DE 5/8"X1/8" ATE 1.1/2"X1/8" QUIVALENTES, Nº12X12 A 18X30 /2" OS LADOS DE 1/2" OS LADOS, DE 1" E DE 0500 LITROS 10MM ENCARGOS SOCIAIS ARGOS SOCIAIS USIVE ENCARGOS SOCIAIS GOS SOCIAIS X2,5MM2 AMBAS AS EXTREMIDADES, DE 1/2" AMBAS AS EXTREMIDADES, DE 3/4" AMBAS AS EXTREMIDADES, DE 1" RRAS DE 6,00M, DE 040MM 0M, DE 75MM 0M, DE 100MM 4" EDONDA E PORTA GRELHA, DE (150X185X75)MM ACABAMENTO RESINADO PRETO, DE (100X86X38)MM RIMENTO DE 30CM MM DE DIAMETRO INT.,40MM DE ESPESSURA, COM ALTURA DE 300MM MM DE DIAMETRO INT.,40MM DE ESPESSURA, COM ALTURA DE 150MM OR METALICOS E BALAO PLASTICO E 3"X3"X5/64" O DE LATAO MACICO, CILINDRO DE LATAO TREFILADO, DE 30MM (55X45)CM ARGOS SOCIAIS R TETICOS (CRFS), DE (2,44X1,10)M E C/ESPES. DE 6MM HAS E ARRUELAS | E126: m² | F126: 1 | H126: 471.75 | I126: 471.75
A127: Composição Auxiliar | B127: 11.001.0005-1 | C127: EMOP | D127: CONCRETO DOSADO RACIONALMENTE PARA UMA RESISTENCIA CARACTERI STICA A COMPRESSAO DE 15MPA,COMPREENDENDO APENAS O FORNECIME NTO DOS MATERIAIS,INCLUSIVE 5% DE PERDAS NEIRO E ABNT NBR 16697 O DE JANEIRO | E127: m³ | F127: 0.02 | G127: 0 | H127: 382.58 | I127: 7.65
A128: Composição Auxiliar | B128: 13.301.0080-1 | C128: EMOP | D128: PISO CIMENTADO,COM 1,5CM DE ESPESSURA,COM ARGAMASSA DE CIMEN TO E AREIA,NO TRACO 1:3,ALISADO A COLHER, SOBRE BASE EXISTEN TE GOS SOCIAIS | E128: m² | F128: 0.179 | G128: 0 | H128: 46.09 | I128: 8.25
A129: Composição Auxiliar | B129: 11.002.0013-1 | C129: EMOP | D129: PREPARO DE CONCRETO,COMPREENDENDO MISTURA E AMASSAMENTO EM U MA BETONEIRA DE 320L,ADMITINDO-SE UMA PRODUCAO APROXIMADA DE 2,00M3/H,EXCLUINDO O FORNECIMENTO DOS MATERIAIS GOS SOCIAIS | E129: m³ | F129: 0.03 | G129: 0 | H129: 99.59 | I129: 2.98
...

Sheet Cotacoes
A11: PLANILHA DE COTAÇÕES DO ORÇAMENTO
A12: =Composições!A12 -> UFF- DIREITO II | E12: =Composições!E12 -> PROCESSO: 23069.164735/2025-38
A13: =Composições!A13 -> LOCAL: RUA TIRADENTES, 17, INGÁ, NITERÓI/RJ, CEP 24210-510 | E13: =Composições!E13 -> ARTs: ANEXADAS AO PROCESSO
A14: =Composições!A14 -> NOME DA OBRA: RECUPERAÇÃO DO TELHADO DA FACULDADE DE DIREITO - CAMPUS II | E14: BDI | F14: BDI DIF. | G14: =Composições!G14 -> REGIME TRIBUTÁRIO | I14: =Composições!H14 -> DATA-BASE | J14: REVISÃO
A15: =Composições!A15 -> BASE DE DADOS: SINAPI, SICRO 3, SBC, EMOP e SCO (RJ) | E15: =Composições!E15 -> 0.2267 | G15: =Composições!G15 -> NÃO DESONERADO | I15: =Composições!H15 -> 45778
A17: ITEM | B17: CÓDIGO | C17: DESCRIÇÃO | D17: UNIDADE | E17: EMPRESA 1 | F17: EMPRESA 2 | G17: EMPRESA 3 | H17: EMPRESA 4 | I17: EMPRESA 5 | J17: MEDIANA (R$)
A18: 1 | B18: COT 01 | C18: INSUMO - 41946 - ABRACADEIRA EM ACO GALVANIZADO PARA SISTEMA DE LINHA DE VIDA, PARA POSTE TUBULAR DE DIAMETRO 3" E CABO DE ACO DE DIAMETRO 12,7 MM [INSUMO SINAPI SEM PREÇO NA BASE DE DADOS] | D18: UND | E18: MULTISEG | F18: IW8 (M.L.)
A19: PREÇO UNITÁRIO (R$) | E19: 84.88 | F19: 79 | J19: =MEDIAN(E19:I19) -> 81.94
A20: DATA DA COTAÇÃO | E20: 45842 | F20: 45842
A21: COTAÇÃO / PROPOSTA | E21: EM ANEXO | F21: EM ANEXO
A23: ITEM | B23: CÓDIGO | C23: DESCRIÇÃO | D23: UNIDADE | E23: EMPRESA 1 | F23: EMPRESA 2 | G23: EMPRESA 3 | H23: EMPRESA 4 | I23: EMPRESA 5 | J23: MEDIANA (R$)
A24: 2 | B24: COT 02 | C24: INSUMO - 41947 - ESTICADOR FORJADO PARA CABO DE ACO DE DIAMETRO 12,7 MM (1/2"), TIPO GANCHO X OLHAL (DIN 1480) [INSUMO SINAPI SEM PREÇO NA BASE DE DADOS] | D24: UND | E24: FATI | F24: FERRAMENTAS GERAIS
A25: PREÇO UNITÁRIO (R$) | E25: 33.75 | F25: 10.33 | J25: =MEDIAN(E25:I25) -> 22.04
A26: DATA DA COTAÇÃO | E26: 45842 | F26: 45842
A27: COTAÇÃO / PROPOSTA | E27: EM ANEXO | F27: EM ANEXO
A29: ITEM | B29: CÓDIGO | C29: DESCRIÇÃO | D29: UNIDADE | E29: EMPRESA 1 | F29: EMPRESA 2 | G29: EMPRESA 3 | H29: EMPRESA 4 | I29: EMPRESA 5 | J29: MEDIANA (R$)
A30: 3 | B30: COT 03 | C30: INSUMO - 41950 - GRAMPO PESADO FORJADO EM ACO CARBONO 1045 GALVANIZADO (CLIP'S) PARA CABO DE ACO DE DIAMETRO 12,7 MM (1/2") (FS FF-C-450D, TIPO 1, CLASSE 1 [INSUMO SINAPI SEM PREÇO NA BASE DE DADOS] | D30: UND | E30: FERRAMENTAS GERAIS | F30: PARAFUSO FÁCIL | G30: FERRAMENTAS KENNEDY
A31: PREÇO UNITÁRIO (R$) | E31: 35.99 | F31: 24.83 | G31: 36.99 | J31: =MEDIAN(E31:I31) -> 35.99
A32: DATA DA COTAÇÃO | E32: 45842 | F32: 45842 | G32: 45842
A33: COTAÇÃO / PROPOSTA | E33: EM ANEXO | F33: EM ANEXO | G33: EM ANEXO
A35: ITEM | B35: CÓDIGO | C35: DESCRIÇÃO | D35: UNIDADE | E35: EMPRESA 1 | F35: EMPRESA 2 | G35: EMPRESA 3 | H35: EMPRESA 4 | I35: EMPRESA 5 | J35: MEDIANA (R$)
A36: 4 | B36: COT 04 | C36: INSUMO - 41952 - MANILHA RETA PESADA PADRAO "D", CORPO EM ACO CARBONO 1045 E PINO REFORCADO EM ACO ALLOY, GALVANIZADO, ROSCADO, DIAMETRO 1/2" [INSUMO SINAPI SEM PREÇO NA BASE DE DADOS] | D36: UND | E36: FATI | F36: PARAFUSO FÁCIL
A37: PREÇO UNITÁRIO (R$) | E37: 29.97 | F37: 21.18 | J37: =MEDIAN(E37:I37) -> 25.575
A38: DATA DA COTAÇÃO | E38: 45842 | F38: 45842
A39: COTAÇÃO / PROPOSTA | E39: EM ANEXO | F39: EM ANEXO
A41: ITEM | B41: CÓDIGO | C41: DESCRIÇÃO | D41: UNIDADE | E41: EMPRESA 1 | F41: EMPRESA 2 | G41: EMPRESA 3 | H41: EMPRESA 4 | I41: EMPRESA 5 | J41: MEDIANA (R$)
A42: 5 | B42: COT DIR 01 | C42: CHAPIM EM CONCRETO PRÉ-MOLDADO (23X80X5)CM [OBS: DIMENSÕES COMERCIAIS MAIS PRÓXIMAS DO PROJETO] | D42: M | E42: RMARTEFATOSDECIMENTO (M.L.) | F42: VALDIRCARLOS(M.L.) | G42: REQUINTE LAZER | H42: BLOCOU | I42: MADEMAXI
A43: PREÇO UNITÁRIO (R$) | E43: 30.55 | F43: 21.25 | G43: 50 | H43: 22.5 | I43: 44.01 | J43: =MEDIAN(E43:I43) -> 30.55
A44: DATA DA COTAÇÃO | E44: 45821 | F44: 45821 | G44: 45821 | H44: 45821 | I44: 45821
A45: COTAÇÃO / PROPOSTA | E45: EM ANEXO | F45: EM ANEXO | G45: EM ANEXO | H45: EM ANEXO | I45: EM ANEXO

Sheet Memória de Cálculo
A11: PLANILHA DE MEMÓRIA DE CÁLCULOS
A12: =Resumo!A12 -> UFF- DIREITO II | E12: =Resumo!E12 -> PROCESSO: 23069.164735/2025-38
A13: =Resumo!A13 -> LOCAL: RUA TIRADENTES, 17, INGÁ, NITERÓI/RJ, CEP 24210-510 | E13: =Resumo!E13 -> ARTs: ANEXADAS AO PROCESSO
A14: =Resumo!A14 -> NOME DA OBRA: RECUPERAÇÃO DO TELHADO DA FACULDADE DE DIREITO - CAMPUS II | E14: =Resumo!E14 -> BDI | F14: =Resumo!F14 -> BDI DIF. | G14: =Resumo!G14 -> REGIME TRIBUTÁRIO | H14: =Resumo!H14 -> DATA-BASE | I14: =Resumo!I14 -> REVISÃO
A15: =Resumo!A15 -> BASE DE DADOS: SINAPI, SICRO 3, SBC, EMOP e SCO (RJ) | E15: =Resumo!E15 -> 0.2267 | F15: =Resumo!F15 -> 0 | G15: =Resumo!G15 -> NÃO DESONERADO | H15: =Resumo!H15 -> 45778 | I15: =Resumo!I15 -> R00
A16: Item | B16: Código | C16: Banco | D16: Descrição | E16: Und | F16: Quant. | G16: Valor Unit | H16: Valor Unit com BDI | I16: Total
A17: 1 | D17: PROJETOS | F17: 1 | H17: 22145.34 | I17: 22145.34
A18: 1.1 | B18: COMP DIR 17 | C18: Próprio | D18: PROJETO EXECUTIVO DE INSTALAÇÃO ELÉTRICA PARA INSTALAÇÕES TEMPORÁRIAS DO CANTEIRO DE OBRAS, INCLUSIVE DESPESAS ADMINISTRATIVAS E DE MATERIAIS [ADAPTADO EMOP (01.050.0114-0)] | E18: UND | F18: 1 | G18: 1854.54 | H18: 2274.96 | I18: 2274.96
A19: 1.2 | B19: COMP DIR 18 | C19: Próprio | D19: PROJETO DE SEGURANÇA CONTRA INCÊNDIO E PÂNICO PARA CANTEIRO DE OBRA, INCLUSIVE DESPESAS ADMINISTRATIVAS E DE MATERIAIS | E19: UND | F19: 1 | G19: 1236.36 | H19: 1516.64 | I19: 1516.64
A20: 1.3 | B20: COMP DIR 15 | C20: Próprio | D20: ELABORAÇÃO DE LAUDO TÉCNICO APÓS RESULTADO DE ENSAIOS PARA DIAGNÓSTICO PRECISO DOS MÉTODOS DE RECUPERAÇÃO ESTRUTURAL QUE SERÃO EFETIVAMENTE NECESSÁRIOS NESSA OBRA COM RELATÓRIO FOTOGRÁFICO, INCLUSIVE DESPESAS ADMINISTRATIVAS E DE MATERIAIS [ADAPTADA EMOP 01.050.0326] | E20: m² | F20: 1591.6 | G20: 6.3 | H20: 7.72 | I20: 12287.15
A21: Local | D21: Descrição | E21: Fórmula | I21: Quantidade
D22: ESCADA | E22: 22,60 | I22: 22.6
D23: ÁREA PROJ (2 PAVIMENTOS) | E23: 784,50*2 | I23: 1569
A24: 1.4 | B24: COMP DIR 16 | C24: Próprio | D24: PROJETO EXECUTIVO DE LINHA DE VIDA, INCLUSIVE DESPESAS ADMINISTRATIVAS E DE MATERIAIS [ADAPTADA EMOP (01.050.0035-0)] | E24: UND | F24: 1 | G24: 4945.46 | H24: 6066.59 | I24: 6066.59
A25: 2 | D25: GERENCIAMENTO DA OBRA | F25: 1 | H25: 120434.96 | I25: 120434.96
A26: 2.1 | B26: COMP DIR 20 | C26: Próprio | D26: ADMINISTRAÇÃO LOCAL | E26: UND | F26: 1 | G26: 98178.01 | H26: 120434.96 | I26: 120434.96
A27: 3 | D27: SERVIÇOS PRELIMINARES | F27: 1 | H27: 74708.6 | I27: 74708.6
A28: 3.1 | D28: INSTALAÇÃO DO CANTEIRO DE OBRA | F28: 1 | H28: 31297.65 | I28: 31297.65
A29: 3.1.1 | B29: CANT 03 | C29: Próprio | D29: MOBILIZAÇÃO DE CANTEIRO | E29: UND | F29: 1 | G29: 1436.8 | H29: 1762.52 | I29: 1762.52
A30: 3.1.2 | B30: 103689 | C30: SINAPI | D30: FORNECIMENTO E INSTALAÇÃO DE PLACA DE OBRA COM CHAPA GALVANIZADA E ESTRUTURA DE MADEIRA. AF_03/2022_PS | E30: m² | F30: 3.15 | G30: 479.95 | H30: 588.75 | I30: 1854.56
A31: 3.1.3 | B31: CANT 05 | C31: Próprio | D31: INSTALAÇÃO E LIGAÇÃO PROVISÓRIAS DE OBRA DE ÁGUA E ESGOTO A REDE PÚBLICA [ADAPTADA SCO (AD 20.20.0100)] | E31: un | F31: 1 | G31: 2262.89 | H31: 2775.88 | I31: 2775.88
A32: 3.1.4 | B32: CANT 06 | C32: Próprio | D32: INSTALAÇÃO E LIGAÇÃO PROVISÓRIAS DE ALIMENTAÇÃO DE ENERGIA ELÉTRICA EM BAIXA TENSÃO, PARA CANTEIRO DE OBRA, INCLUSIVE MEDIDOR. [ADAPTADA SCO (AD 20.20.0050)] | E32: un | F32: 1 | G32: 2543.99 | H32: 3120.71 | I32: 3120.71
A33: 3.1.5 | B33: 02.002.0012-0 | C33: EMOP | D33: TAPUME DE VEDACAO OU PROTECAO,EXECUTADO COM TELHAS TRAPEZOID AIS DE ACO GALVANIZADO,ESPESSURA DE 0,5MM,ESTAS COM 2 VEZES DE UTILIZACAO,INCLUSIVE ENGRADAMENTO DE MADEIRA,UTILIZADO 2 VEZES,EXCLUSIVE PINTURA QUIVALENTES, Nº12X12 A 18X30 ENCARGOS SOCIAIS GOS SOCIAIS | E33: m² | F33: 96.8 | G33: 44.21 | H33: 54.23 | I33: 5249.46
A34: Local | D34: Descrição | E34: Fórmula | I34: Quantidade
E35: 44*2,2 | I35: 96.8
A36: 3.1.6 | B36: 02.004.0004-0 | C36: EMOP | D36: BARRACAO OBRA C/PAREDES CHAPAS MADEIRA COMPENSADA,PLASTIF.,L ISA,COLAGEM FENOLICA,PROVA D`AGUA, COM 10MM ESP.PISO E ESTRU TURA MADEIRA 3ª,COBERTURA TELHAS ONDULADAS 6MM,FIBROCIMENTO, EXCL.PINT.E LIGACOES PROVISORIAS,INCL.INST.,APARELHOS, ESQUA DRIAS E FERRAG.,PROJ.Nº2007/EMOP,ESCRITORIO,SANITARIOS,DEPOS ITOS E TORRE C/CAIXA D`AGUA 500L,REAPROVEITADO 5 VEZES DE 5/8"X1/8" ATE 1.1/2"X1/8" QUIVALENTES, Nº12X12 A 18X30 /2" OS LADOS DE 1/2" OS LADOS, DE 1" E DE 0500 LITROS 10MM ENCARGOS SOCIAIS ARGOS SOCIAIS USIVE ENCARGOS SOCIAIS GOS SOCIAIS X2,5MM2 AMBAS AS EXTREMIDADES, DE 1/2" AMBAS AS EXTREMIDADES, DE 3/4" AMBAS AS EXTREMIDADES, DE 1" RRAS DE 6,00M, DE 040MM 0M, DE 75MM 0M, DE 100MM 4" EDONDA E PORTA GRELHA, DE (150X185X75)MM ACABAMENTO RESINADO PRETO, DE (100X86X38)MM RIMENTO DE 30CM MM DE DIAMETRO INT.,40MM DE ESPESSURA, COM ALTURA DE 300MM MM DE DIAMETRO INT.,40MM DE ESPESSURA, COM ALTURA DE 150MM OR METALICOS E BALAO PLASTICO E 3"X3"X5/64" O DE LATAO MACICO, CILINDRO DE LATAO TREFILADO, DE 30MM (55X45)CM ARGOS SOCIAIS R TETICOS (CRFS), DE (2,44X1,10)M E C/ESPES. DE 6MM HAS E ARRUELAS | E36: m² | F36: 28 | G36: 471.75 | H36: 578.69 | I36: 16203.32
A37: Local | D37: Descrição | E37: Fórmula | I37: Quantidade
D38: VESTIÁRIO E BANHEIRO | E38: 12 | I38: 12
D39: ESCRITÓRIO | E39: 8 | I39: 8
D40: REFEITÓRIO | E40: 8 | I40: 8
A41: 3.1.7 | B41: 036686 | C41: SBC | D41: RECARGA DE EXTINTOR PO QUIMICO 4KG - ABC | E41: UN | F41: 3 | G41: 90 | H41: 110.4 | I41: 331.2
A42: 3.2 | D42: LIMPEZA DO TERRENO E PODA DE ÁRVORES | F42: 1 | H42: 2529.29 | I42: 2529.29
A43: 3.2.1 | B43: 98524 | C43: SINAPI | D43: LIMPEZA MANUAL DE VEGETAÇÃO EM TERRENO COM ENXADA. AF_03/2024 | E43: m² | F43: 189.9126 | G43: 6.69 | H43: 8.2 | I43: 1557.28
A44: 3.2.2 | B44: 98533 | C44: SINAPI | D44: PODA EM ALTURA DE ÁRVORE COM DIÂMETRO DE TRONCO MAIOR OU IGUAL A 0,20 M E MENOR QUE 0,40 M. AF_03/2024 | E44: UN | F44: 2 | G44: 150.24 | H44: 184.29 | I44: 368.58
A45: 3.2.3 | B45: 98531 | C45: SINAPI | D45: CORTE RASO E RECORTE DE ÁRVORE COM DIÂMETRO DE TRONCO MAIOR OU IGUAL A 0,60 M. AF_03/2024 | E45: UN | F45: 1 | G45: 491.92 | H45: 603.43 | I45: 603.43
A46: 3.3 | D46: DEMOLIÇÕES / REMOÇÕES | F46: 1 | H46: 32569.32 | I46: 32569.32
A47: 3.3.1 | B47: 97631 | C47: SINAPI | D47: DEMOLIÇÃO DE ARGAMASSAS, DE FORMA MANUAL, SEM REAPROVEITAMENTO. AF_09/2023 | E47: m² | F47: 737.2883 | G47: 16.76 | H47: 20.55 | I47: 15151.27
A48: Local | D48: Descrição | E48: Fórmula | I48: Quantidade
D49: ÁREA DO RESERVATÓRIO | E49: 75 | I49: 75
D50: ÁREA DAS CALHAS | E50: 0,75*(46,25+14,53*2*0,2*5+20,93*0,2*2) | I50: 62.7615
D51: RUFOS (10%) | E51: 0,1*((47,60)+(42,25*2+14,5*7+6,17*2)*,7) | I51: 18.6438
D52: TETO 3º PAV | E52: (3,47*14+6,78*6,35+4*5+6,68*5*5) | I52: 278.633
D53: ARRIMO | E53: 183,21 | I53: 183.21
D54: LAJE PEQUENA 1º PAV | E54: 7,04 | I54: 7.04
D55: PAREDES EXTERNAS | E55: 112 | I55: 112
A56: 3.3.2 | B56: 023357 | C56: SBC | D56: REMOCAO E RETIRADA CAMADA BRITA EM BASES DE PAVIMENTO | E56: m³ | F56: 1.8 | G56: 104.29 | H56: 127.93 | I56: 230.27
A57: Local | D57: Descrição | E57: Fórmula | I57: Quantidade
D58: TUBOS ENTERRADOS | E58: 1,8 | I58: 1.8
A59: 3.3.3 | B59: 104789 | C59: SINAPI | D59: DEMOLIÇÃO DE PISO DE CONCRETO SIMPLES, DE FORMA MANUAL, SEM REAPROVEITAMENTO. AF_09/2023 | E59: m³ | F59: 1.535 | G59: 292.5 | H59: 358.8 | I59: 550.75
A60: Local | D60: Descrição | E60: Fórmula | I60: Quantidade
D61: TUBOS ENTERRADOS NO PAVIMENTO | E61: (8,2+2,5+10*2)*0,5*0,1 | I61: 1.535
A62: 3.3.4 | B62: COMP DIR 11 | C62: Próprio | D62: REMOÇÃO DE TELHAS DE FIBROCIMENTO ONDULADA E TRANSLÚCIDA, DE FORMA MANUAL, SEM REAPROVEITAMENTO [SINAPI 97647] | E62: m² | F62: 512.6 | G62: 5.19 | H62: 6.36 | I62: 3260.13
A63: Local | D63: Descrição | E63: Fórmula | I63: Quantidade
D64: FIBROCIMENTO ONDULADA 75% (ÁREA EXTRAÍDA DO AUTOCAD) | E64: 0,75*582,24 | I64: 436.68
D65: TRANSLUCIDA (ÁREA EXTRAÍDA DO AUTOCAD) | E65: 75,92 | I65: 75.92
A66: 3.3.5 | B66: COMP DIR 12 | C66: Próprio | D66: REMOÇÃO DE TELHAS DE FIBROCIMENTO ONDULADA, DE FORMA MANUAL, COM REAPROVEITAMENTO, INCLUSIVE AFASTAMENTO E EMPILHAMENTO [SETOP ED-48512 e SINAPI 97647] | E66: m² | F66: 145.56 | G66: 11.65 | H66: 14.29 | I66: 2080.05
A67: Local | D67: Descrição | E67: Fórmula | I67: Quantidade
D68: TELHA FIBROCIMENTO ONDULADA 25% (ÁREA EXTRAÍDA DO AUTOCAD) | E68: 0,25*582,24 | I68: 145.56
A69: 3.3.6 | B69: 97650 | C69: SINAPI | D69: REMOÇÃO DE TRAMA DE MADEIRA PARA COBERTURA, DE FORMA MANUAL, SEM REAPROVEITAMENTO. AF_09/2023 | E69: m² | F69: 658.16 | G69: 11.21 | H69: 13.75 | I69: 9049.7
A70: Local | D70: Descrição | E70: Fórmula | I70: Quantidade
D71: TELHAS FIBROCIMENTO (ÁREA EXTRAÍDA DO AUTOCAD) | E71: 582,24 | I71: 582.24
D72: TRANSLUCIDA (ÁREA EXTRAÍDA DO AUTOCAD) | E72: 75,92 | I72: 75.92
A73: 3.3.7 | B73: 97651 | C73: SINAPI | D73: REMOÇÃO DE TESOURAS DE MADEIRA, COM VÃO MENOR QUE 8M, DE FORMA MANUAL, SEM REAPROVEITAMENTO. AF_09/2023 | E73: UN | F73: 15 | G73: 122.13 | H73: 149.81 | I73: 2247.15
A74: 3.4 | D74: ENSAIOS | F74: 1 | H74: 8312.34 | I74: 8312.34
A75: 3.4.1 | B75: 01.001.0139-0 | C75: EMOP | D75: AVALIACAO DA ESPESSURA DE CARBONATACAO,POR PONTO,EM ESTRUTUR AS DE CONCRETO ARMADO OU PROTENDIDO,ATRAVES DE ASPERSAO DE S OLUCAO DE FENOLFTALEINA,INCLUSIVE COLETA DA AMOSTRA ARGOS SOCIAIS | E75: UN | F75: 6 | G75: 463.55 | H75: 568.63 | I75: 3411.78
A76: 3.4.2 | B76: 01.001.0140-0 | C76: EMOP | D76: DETERMINACAO DO TEOR DE CLORETOS,POR AMOSTRA,EM ESTRUTURAS D E CONCRETO ARMADO OU PROTENDIDO,CONFORME NORMA DA ACI-318/31 -BR36,INCLUSIVE COLETA DA AMOSTRA ARGOS SOCIAIS | E76: UN | F76: 6 | G76: 462.37 | H76: 567.18 | I76: 3403.08
A77: 3.4.3 | B77: 01.001.0400-0 | C77: EMOP | D77: ENSAIOS PARA RECUPERACAO DE CORROSAO EM ARMADURAS,CONSTANDO DE ENSAIO DO POTENCIAL ELETRICO DA ARMADURA EM RELACAO AO EL EMENTO ESTRUTURAL QUE A CERCA GOS SOCIAIS ARGOS SOCIAIS | E77: UN | F77: 6 | G77: 203.46 | H77: 249.58 | I77: 1497.48
A78: 4 | D78: MOVIMENTO DE TERRA | F78: 1 | H78: 2173.39 | I78: 2173.39
A79: 4.1 | B79: 93358 | C79: SINAPI | D79: ESCAVAÇÃO MANUAL DE VALA. AF_09/2024 | E79: m³ | F79: 7.24847 | G79: 124.17 | H79: 152.31 | I79: 1104.01
A80: Local | D80: Descrição | E80: Fórmula | I80: Quantidade
D81: TUBULAÇÕES ENTERRADAS | E81: 52,53*0,3*0,3*1,1 | I81: 5.20047
D82: CAIXAS DE AREIA | E82: 0,8*0,8*0,8*4 | I82: 2.048
A83: 4.2 | B83: 93382 | C83: SINAPI | D83: REATERRO MANUAL DE VALAS, COM COMPACTADOR DE SOLOS DE PERCUSSÃO. AF_08/2023 | E83: m³ | F83: 10.34 | G83: 36.63 | H83: 44.93 | I83: 464.57
A84: 4.3 | B84: 101619 | C84: SINAPI | D84: PREPARO DE FUNDO DE VALA COM LARGURA MENOR QUE 1,5 M, COM CAMADA DE BRITA, LANÇAMENTO MANUAL. AF_08/2020 | E84: m³ | F84: 1.3644 | G84: 361.36 | H84: 443.28 | I84: 604.81
A85: Local | D85: Descrição | E85: Fórmula | I85: Quantidade
D86: ÁREA QUE TEM A BRITA | E86: 1,3644 | I86: 1.3644
A87: 5 | D87: SUPERESTRUTURA | F87: 1 | H87: 100144.34 | I87: 100144.34
A88: 5.1 | D88: PILARETES E CINTAS DA PLATIBANDA | F88: 1 | H88: 34073.45 | I88: 34073.45
A89: 5.1.1 | B89: 94965 | C89: SINAPI | D89: CONCRETO FCK = 25MPA, TRAÇO 1:2,3:2,7 (EM MASSA SECA DE CIMENTO/ AREIA MÉDIA/ BRITA 1) - PREPARO MECÂNICO COM BETONEIRA 400 L. AF_05/2021 | E89: m³ | F89: 11.38 | G89: 498.74 | H89: 611.8 | I89: 6962.28
A90: Local | D90: Descrição | E90: Fórmula | I90: Quantidade
D91: PILARETES 13X13 E CINTAS | E91: 8,54 | I91: 8.54
D92: PILARETES 19X19 | E92: 2,84 | I92: 2.84
A93: 5.1.2 | B93: 92761 | C93: SINAPI | D93: ARMAÇÃO DE PILAR OU VIGA DE ESTRUTURA CONVENCIONAL DE CONCRETO ARMADO UTILIZANDO AÇO CA-50 DE 8,0 MM - MONTAGEM. AF_06/2022 | E93: KG | F93: 291 | G93: 13.89 | H93: 17.03 | I93: 4955.73
A94: Local | D94: Descrição | E94: Fórmula | I94: Quantidade
D95: PILARETES 13X13 E CINTAS | E95: 240 | I95: 240
D96: PILARETES 19X19 E CINTAS | E96: 51 | I96: 51
A97: 5.1.3 | B97: 92759 | C97: SINAPI | D97: ARMAÇÃO DE PILAR OU VIGA DE ESTRUTURA CONVENCIONAL DE CONCRETO ARMADO UTILIZANDO AÇO CA-60 DE 5,0 MM - MONTAGEM. AF_06/2022 | E97: KG | F97: 143 | G97: 16.69 | H97: 20.47 | I97: 2927.21
A98: Local | D98: Descrição | E98: Fórmula | I98: Quantidade
D99: PILARETES 13X13 E CINTAS | E99: 113 | I99: 113
D100: PILARETES 19X19 E CINTAS | E100: 30 | I100: 30
A101: 5.1.4 | B101: 92419 | C101: SINAPI | D101: MONTAGEM E DESMONTAGEM DE FÔRMA DE PILARES RETANGULARES E ESTRUTURAS SIMILARES, PÉ-DIREITO SIMPLES, EM CHAPA DE MADEIRA COMPENSADA RESINADA, 4 UTILIZAÇÕES. AF_09/2020 | E101: m² | F101: 144.9 | G101: 108.18 | H101: 132.7 | I101: 19228.23
A102: Local | D102: Descrição | E102: Fórmula | I102: Quantidade
E103: 117,5+27,4 | I103: 144.9
A104: 5.2 | D104: RECUPERAÇÃO ESTRUTURAL | F104: 1 | H104: 66070.89 | I104: 66070.89
A105: 5.2.1 | B105: 11.050.0010-0 | C105: EMOP | D105: ESCORAMENTO METALICO (ALUGUEL),COM ESCORAS TELESCOPAVEIS OU TORRES DE CARGA,PARA ESTRUTURA CONVENCIONAL DE CONCRETO ARMA DO,EXCLUSIVE MONTAGEM E DESMONTAGEM (VIDE ITEM 11.055.0010). MEDICAO PELO VOLUME DE ESCORAMENTO TORRES DE CARGA, PARA ESTRUT.CONVENCIONAL CONCRETO,EXCL.TRAN | E105: M3XMES | F105: 210 | G105: 27 | H105: 33.12 | I105: 6955.2
A106: Local | D106: Descrição | E106: Fórmula | I106: Quantidade
E107: (5*5)*2,8*3 | I107: 210
A108: 5.2.2 | B108: 11.055.0010-0 | C108: EMOP | D108: MONTAGEM E DESMONTAGEM DE ESCORAMENTO METALICO,CONFORME ITEM 11.050.0010,COMPREENDENDO TRANSPORTE DO MATERIAL PARA OBRA E DESTA PARA O DEPOSITO,INCLUSIVE CARGA E DESCARGA.O CUSTO E DADO POR M3 DE ESCORAMENTO,SENDO PAGOS 60% NA MONTAGEM E 40 % NA DESMONTAGEM NCARGOS SOCIAIS GOS SOCIAIS | E108: m³ | F108: 70 | G108: 14.6 | H108: 17.9 | I108: 1253
A109: Local | D109: Descrição | E109: Fórmula | I109: Quantidade
E110: (5*5)*2,8 | I110: 70
...

Sheet BDI
A11: PLANILHA DE MEMÓRIA DE CÁLCULO DE BDI - BÔNUS E DESPESAS INDIRETAS PRINCIPAL
A12: =Sintético!A12 -> UFF- DIREITO II | E12: =Sintético!E12 -> PROCESSO: 23069.164735/2025-38
A13: =Sintético!A13 -> LOCAL: RUA TIRADENTES, 17, INGÁ, NITERÓI/RJ, CEP 24210-510 | E13: =Sintético!E13 -> ARTs: ANEXADAS AO PROCESSO
A14: =Sintético!A14 -> NOME DA OBRA: RECUPERAÇÃO DO TELHADO DA FACULDADE DE DIREITO - CAMPUS II | E14: =Sintético!E14 -> BDI | F14: =Sintético!F14 -> BDI DIF. | G14: =Sintético!G14 -> REGIME TRIBUTÁRIO | H14: =Sintético!H14 -> DATA-BASE | I14: =Sintético!I14 -> REVISÃO
A15: =Sintético!A15 -> BASE DE DADOS: SINAPI, SICRO 3, SBC, EMOP e SCO (RJ) | E15: =Sintético!E15 -> 0.2267 | F15: =Sintético!F15 -> 0 | G15: =Sintético!G15 -> NÃO DESONERADO | H15: =Sintético!H15 -> 45778 | I15: =Sintético!I15 -> R00
B37: Demonstração:
B38: AC = taxa de Administração Central
B39: S = taxa de Seguros
B40: R = taxa de Riscos
B41: G = taxa de Garantias
B42: DF = taxa de Despesas Financeiras
B43: L = taxa de Lucro/ remuneração
B44: I = taxa de incidência de Impostos (PIS, COFINS e ISS)
B46: Administração Central (AC)
B47: Considerado = x % (varia entre 3 a 5,50% do custo direto da obra)
B49: Seguro + Garantia (S + G)
B50: Considerado =x% (varia entre 0,8 a 1,0% do custo da obra)
... B61: Tributos sobre o faturamento (I)
B63: TRIBUTO | D63: ALIQUOTA
B64: COFINS | D64: 0.03
B65: PIS/PASEP | D65: 0.0065
B66: ISS (Niterói) | D66: 0.03
B67: TOTAL | D67: =SUM(D64:D66) -> 0.0665
B69: CPRB (INSS) | D69: 0
F73: TABELA DE ISS - UNIDADES UFF - OBRA | J73: Obra 7.02 | K73: PJ 7.03
F74: ISS (%) | G74: UF | H74: MUNICÍPIO | J74: ISS Projeto (%) | K74: LEI
F75: 3% (50%) | G75: RJ | H75: Niterói | J75: 3 | K75: 2597/2008 | L75: Código Tributário de Niterói
F76: 5%(50%) com dedução ou 3%(100%) do total | G76: RJ | H76: Angra dos Reis | J76: 5 | K76: 262/84 | L76: Código Tributário de Angra dos Reis | M76: Ver Art 54 e 63
F77: 5 | G77: RJ | H77: Cachoeira de Macacú | J77: 5 | K77: 014/2003 | L77: Lei Complementar 014/2003
F78: 2 | G78: RJ | H78: Santo Antônio de Pádua | J78: 2 | K78: 002/2018 | L78: Lei Complementar 002/2018
F79: 5 | G79: RJ | H79: Campos dos Goytacazes | J79: 5 | K79: 001/2017 | L79: Lei Complementar 001/2017
F80: 2 | G80: RJ | H80: Macaé | J80: 2 | K80: 282/2018 | L80: Lei Complementar 282/2018
F81: 3 | G81: RJ | H81: Nova Friburgo | J81: 3 | K81: 124/2018 | L81: Lei Complementar 124/2018
F82: 2.5 | G82: RJ | H82: Rio das Ostras | J82: 3 | K82: 508/2000 | L82: Lei 508/2000
F83: 3 | G83: RJ | H83: Volta Redonda | J83: 3 | K83: 1986/84 | L83: Lei 1986/84
F84: 3 | G84: RJ | H84: Petropolis | J84: 3 | K84: 3970/78 | L84: Lei 3970/1978
F85: 5 | G85: PA | H85: Oriximiná | J85: 5 | K85: 9111/17 | L85: Lei 9111/2017
F86: Obras 7.02 | J86: PJ 7.03

Sheet Curva ABC de Serviços
A11: CURVA ABC DE SERVIÇOS
A12: =Sintético!A12 -> UFF- DIREITO II | E12: =Sintético!E12 -> PROCESSO: 23069.164735/2025-38
A13: =Sintético!A13 -> LOCAL: RUA TIRADENTES, 17, INGÁ, NITERÓI/RJ, CEP 24210-510 | E13: =Sintético!E13 -> ARTs: ANEXADAS AO PROCESSO
A14: =Sintético!A14 -> NOME DA OBRA: RECUPERAÇÃO DO TELHADO DA FACULDADE DE DIREITO - CAMPUS II | E14: =Sintético!E14 -> BDI | F14: =Sintético!F14 -> BDI DIF. | G14: =Sintético!G14 -> REGIME TRIBUTÁRIO | H14: =Sintético!H14 -> DATA-BASE | I14: =Sintético!I14 -> REVISÃO
A15: =Sintético!A15 -> BASE DE DADOS: SINAPI, SICRO 3, SBC, EMOP e SCO (RJ) | E15: =Sintético!E15 -> 0.2267 | F15: =Sintético!F15 -> 0 | G15: =Sintético!G15 -> NÃO DESONERADO | H15: =Sintético!H15 -> 45778 | I15: =Sintético!I15 -> R00
A16: Código | B16: Banco | C16: Descrição | D16: Und | E16: Quant. | F16: Valor Unit | G16: Total | H16: Peso (%) | I16: Peso Acumulado (%)
A17: 00020193 | B17: SINAPI | C17: LOCACAO DE ANDAIME METALICO TIPO FACHADEIRO, PECAS COM APROXIMADAMENTE 1,20 M DE LARGURA E 2,0 M DE ALTURA, INCLUINDO DIAGONAIS EM X, BARRAS DE LIGACAO, SAPATAS E DEMAIS ITENS NECESSARIOS A MONTAGEM (NAO INCLUI INSTALACAO) | D17: M2/MES | E17: 5.795,52 | F17: 27,60 | G17: 159.956,35 | H17: 10,95 | I17: 10,95
A18: COMP DIR 20 | B18: Próprio | C18: ADMINISTRAÇÃO LOCAL | D18: UND | E18: 1,0 | F18: 120.434,96 | G18: 120.434,96 | H18: 8,25 | I18: 19,20
A19: 98547 | B19: SINAPI | C19: IMPERMEABILIZAÇÃO DE SUPERFÍCIE COM MANTA ASFÁLTICA, DUAS CAMADAS, INCLUSIVE APLICAÇÃO DE PRIMER ASFÁLTICO, E=3MM E E=4MM. AF_09/2023 | D19: m² | E19: 258,03 | F19: 295,31 | G19: 76.198,83 | H19: 5,22 | I19: 24,42
A20: COMP DIR 01 | B20: Próprio | C20: FABRICAÇÃO E INSTALAÇÃO DE PONTALETES DE MADEIRA NÃO APARELHADA PARA TELHADOS COM ATÉ 2 ÁGUAS E COM TELHA ONDULADA DE FIBROCIMENTO, INCLUSO TRANSPORTE VERTICAL. [ADAPTADA SINAPI (100384)] | D20: m² | E20: 661,15 | F20: 113,77 | G20: 75.219,03 | H20: 5,15 | I20: 29,57
A21: 97063 | B21: SINAPI | C21: MONTAGEM E DESMONTAGEM DE ANDAIME MODULAR FACHADEIRO, COM PISO METÁLICO, PARA EDIFÍCIOS COM MULTIPLOS PAVIMENTOS (EXCLUSIVE ANDAIME E LIMPEZA). AF_03/2024 | D21: m² | E21: 1.931,84 | F21: 36,56 | G21: 70.628,07 | H21: 4,84 | I21: 34,41
A22: COMP DIR 10 | B22: Próprio | C22: TELHAMENTO COM TELHA ONDULADA DE FIBROCIMENTO E = 6 MM (1,83X1,1)M, COM RECOBRIMENTO LATERAL DE 1/4 DE ONDA PARA TELHADO COM INCLINAÇÃO MAIOR QUE 10°, COM ATÉ 2 ÁGUAS, INCLUSO IÇAMENTO. [ADAPTADA SINAPI (94207)] | D22: m² | E22: 495,8625 | F22: 117,76 | G22: 58.392,76 | H22: 4,00 | I22: 38,41
A23: 104234 | B23: SINAPI | C23: EMBOÇO OU MASSA ÚNICA EM ARGAMASSA TRAÇO 1:2:8, PREPARO MANUAL, APLICADA MANUALMENTE EM PANOS DE FACHADA SEM PRESENÇA DE VÃOS, ESPESSURA DE 25 MM, ACESSO POR ANDAIME. AF_08/2022 | D23: m² | E23: 839,08 | F23: 64,99 | G23: 54.531,80 | H23: 3,73 | I23: 42,14
A24: PINT 02 | B24: Próprio | C24: APLICAÇÃO MANUAL DE TINTA LÁTEX ACRÍLICA EM FACHADA, DUAS DEMÃOS. [SINAPI (95624)] | D24: m² | E24: 1.478,6 | F24: 35,64 | G24: 52.697,30 | H24: 3,61 | I24: 45,75
A25: 98554 | B25: SINAPI | C25: IMPERMEABILIZAÇÃO DE SUPERFÍCIE COM MEMBRANA À BASE DE RESINA ACRÍLICA, 3 DEMÃOS. AF_09/2023 | D25: m² | E25: 684,09 | F25: 72,64 | G25: 49.692,29 | H25: 3,40 | I25: 49,15
A26: COMP DIR 21 | B26: Próprio | C26: LINHA DE VIDA HORIZONTAL PERMANENTE TIPO VARAL DE SEGURANÇA COM CABO DE AÇO [ADAPTADA SINAPI (97043)] | D26: M | E26: 280,0 | F26: 149,24 | G26: 41.787,20 | H26: 2,86 | I26: 52,01
A27: 05.005.0055-0 | B27: EMOP | C27: PLATAFORMA DE PROTECAO A TRANSEUNTES(PARA-LIXO),EM MADEIRA D E 1ª,EM PECAS DE 3"X6" E 1"X12",COM 2,00M DE LARGURA,COM APR OVEITAMENTO DA MADEIRA 2 VEZES,INCLUSIVE A DESMONTAGEM E RET IRADA DA MADEIRA RUPO I QUIVALENTES, Nº12X12 A 18X30 NCARGOS SOCIAIS GOS SOCIAIS | D27: M | E27: 124,4 | F27: 286,09 | G27: 35.589,59 | H27: 2,44 | I27: 54,45
... A141: 100717 | B141: SINAPI | C141: LIXAMENTO MANUAL EM SUPERFÍCIES METÁLICAS EM OBRA. AF_01/2020 | D141: m² | E141: 4,022304 | F141: 16,31 | G141: 65,60 | H141: 0,00 | I141: 100,00

Sheet Curva ABC de Insumos
A11: CURVA ABC DE INSUMOS
A12: =Sintético!A12 -> UFF- DIREITO II | E12: =Sintético!E12 -> PROCESSO: 23069.164735/2025-38
A13: =Sintético!A13 -> LOCAL: RUA TIRADENTES, 17, INGÁ, NITERÓI/RJ, CEP 24210-510 | E13: =Sintético!E13 -> ARTs: ANEXADAS AO PROCESSO
A14: =Sintético!A14 -> NOME DA OBRA: RECUPERAÇÃO DO TELHADO DA FACULDADE DE DIREITO - CAMPUS II | E14: =Sintético!E14 -> BDI | F14: =Sintético!F14 -> BDI DIF. | G14: =Sintético!G14 -> REGIME TRIBUTÁRIO | H14: =Sintético!H14 -> DATA-BASE | I14: =Sintético!I14 -> REVISÃO
A15: =Sintético!A15 -> BASE DE DADOS: SINAPI, SICRO 3, SBC, EMOP e SCO (RJ) | E15: =Sintético!E15 -> 0.2267 | F15: =Sintético!F15 -> 0 | G15: =Sintético!G15 -> NÃO DESONERADO | H15: =Sintético!H15 -> 45778 | I15: =Sintético!I15 -> R00
A16: Código | B16: Banco | C16: Descrição | D16: Tipo | E16: Und | F16: Quantidade | H16: Valor Unitário | J16: Total | M16: Peso | N16: Valor Acumulado | O16: Peso Acumulado
F17: Operativa | G17: Improdutiva | H17: Operativa | I17: Improdutiva | J17: Operativa | K17: Improdutiva | L17: Geral
A18: 00020193 | B18: SINAPI | C18: LOCACAO DE ANDAIME METALICO TIPO FACHADEIRO, PECAS COM APROXIMADAMENTE 1,20 M DE LARGURA E 2,0 M DE ALTURA, INCLUINDO DIAGONAIS EM X, BARRAS DE LIGACAO, SAPATAS E DEMAIS ITENS NECESSARIOS A MONTAGEM (NAO INCLUI INSTALACAO) | D18: Equipamento | E18: M2/MES | F18: 5.795,5200000 | H18: 27,60 | J18: 159.956,35 | L18: 159956.35 | M18: 10,95% | N18: 159956.35 | O18: 10,95%
A19: 00006111 | B19: SINAPI | C19: SERVENTE DE OBRAS (HORISTA) | D19: Mão de Obra | E19: H | F19: 3.903,3402467 | H19: 25,78 | J19: 100.628,11 | L19: 100628.11 | M19: 6,89% | N19: 260584.46 | O19: 17,85%
A20: 00040818 | B20: SINAPI | C20: ENCARREGADO GERAL DE OBRAS (MENSALISTA) | D20: Mão de Obra | E20: MES | F20: 7,1117900 | H20: 9.995,50 | J20: 71.085,90 | L20: 71085.897 | M20: 4,87% | N20: 331670.36 | O20: 22,71%
A21: 00004750 | B21: SINAPI | C21: PEDREIRO (HORISTA) | D21: Mão de Obra | E21: H | F21: 1.964,9700579 | H21: 36,13 | J21: 70.994,37 | L21: 70994.368 | M21: 4,86% | N21: 402664.73 | O21: 27,57%
A22: 00037370 | B22: SINAPI | C22: ALIMENTACAO - HORISTA (COLETADO CAIXA - ENCARGOS COMPLEMENTARES) | D22: Material | E22: H | F22: 11.832,4662162 | H22: 5,93 | J22: 70.166,52 | L22: 70166.525 | M22: 4,81% | N22: 472831.25 | O22: 32,38%
A23: 00004783 | B23: SINAPI | C23: PINTOR (HORISTA) | D23: Mão de Obra | E23: H | F23: 1.466,6475072 | H23: 34,98 | J23: 51.303,33 | L23: 51303.33 | M23: 3,51% | N23: 524134.58 | O23: 35,89%
A24: 00007186 | B24: SINAPI | C24: TELHA DE FIBROCIMENTO ONDULADA E = 6 MM, DE 1,83 X 1,10 M (SEM AMIANTO) | D24: Material | E24: UN | F24: 632,2246875 | H24: 76,66 | J24: 48.466,34 | L24: 48466.345 | M24: 3,32% | N24: 572600.93 | O24: 39,21%
A25: 00044497 | B25: SINAPI | C25: MONTADOR DE ESTRUTURAS METALICAS HORISTA | D25: Mão de Obra | E25: H | F25: 1.097,6484795 | H25: 40,21 | J25: 44.136,45 | L25: 44136.445 | M25: 3,02% | N25: 616737.37 | O25: 42,23%
A26: 00012873 | B26: SINAPI | C26: IMPERMEABILIZADOR (HORISTA) | D26: Mão de Obra | E26: H | F26: 1.094,3608809 | H26: 36,29 | J26: 39.714,36 | L26: 39714.356 | M26: 2,72% | N26: 656451.73 | O26: 44,95%
A27: 00001213 | B27: SINAPI | C27: CARPINTEIRO DE FORMAS PARA CONCRETO (HORISTA) | D27: Mão de Obra | E27: H | F27: 1.030,0356367 | H27: 35,66 | J27: 36.731,07 | L27: 36731.071 | M27: 2,52% | N27: 693182.8 | O27: 47,47%
A28: 00004015 | B28: SINAPI | C28: MANTA ASFALTICA ELASTOMERICA EM POLIESTER 4 MM, TIPO III, CLASSE B, ACABAMENTO PP (NBR 9952) | D28: Material | E28: M² | F28: 292,0641570 | H28: 92,82 | J28: 27.109,40 | L28: 27109.395 | M28: 1,86% | N28: 720292.2 | O28: 49,33%
A29: 00043147 | B29: SINAPI | C29: MEMBRANA IMPERMEABILIZANTE ACRILICA MONOCOMPONENTE | D29: Material | E29: KG | F29: 820,9080000 | H29: 32,80 | J29: 26.925,78 | L29: 26925.782 | M29: 1,84% | N29: 747217.98 | O29: 51,17%
... A193: 00043485 | B193: SINAPI | C193: EPI - FAMILIA ENCANADOR - HORISTA (ENCARGOS COMPLEMENTARES - COLETADO CAIXA) | D193: Material | E193: H | F193: 177,7075800 | H193: 1,38 | J193: 245,24 | L193: 245.23646 | M193: 0,02% | N193: 1451768.3 | O193: 99,42%
A194: E9646 | B194: SICRO3 | C194: Compressor de ar portátil de 58,52 l/s (124 PCM) - 27 kW | D194: Equipamento | E194: H | F194: 4,4000000 | G194: 0,0000000 | H194: 53,69 | I194: 10,54 | J194: 236,22 | K194: 0,00 | L194: 236.21972 | M194: 0,02% | N194: 1452004.6 | O194: 99,43%
A195: 00004011 | B195: SINAPI | C195: GEOTEXTIL NAO TECIDO AGULHADO DE FILAMENTOS CONTINUOS 100% POLIESTER, RESITENCIA A TRACAO = 10 KN/M | D195: Material | E195: m² | F195: 22,0000000 | H195: 10,67 | J195: 234,74 | L195: 234.74 | M195: 0,02% | N195: 1452239.3 | O195: 99,45%
A196: 099900 | B196: SBC | C196: SERVENTE | D196: Mão de Obra | E196: H | F196: 9,6300000 | H196: 23,90 | J196: 230,20 | L196: 230.20232 | M196: 0,02% | N196: 1452469.5 | O196: 99,47%
A197: 00005068 | B197: SINAPI | C197: PREGO DE ACO POLIDO COM CABECA 17 X 21 (2 X 11) | D197: Material | E197: KG | F197: 9,0418440 | H197: 23,51 | J197: 212,57 | L197: 212.57375 | M197: 0,01% | N197: 1452682.1 | O197: 99,48%
A198: 00007304 | B198: SINAPI | C198: TINTA EPOXI BASE AGUA PREMIUM, BRANCA | D198: Material | E198: L | F198: 1,6246086 | H198: 130,00 | J198: 211,20 | L198: 211.19912 | M198: 0,01% | N198: 1452893.3 | O198: 99,50%
A199: 00000012 | B199: SINAPI | C199: ESCOVA DE ACO, COM CABO, *4 X 15* FILEIRAS DE CERDAS | D199: Material | E199: UN | F199: 11,0000000 | H199: 18,40 | J199: 202,40 | L199: 202.4 | M199: 0,01% | N199: 1453095.7 | O199: 99,51%
A200: 02563 | B200: EMOP | C200: TUBO DE PVC RIGIDO ROSQUEAVEL, EM BARRAS DE 6,00M, ROSCA EM AMBAS AS EXTREMIDADE S, DE 3/4" | D200: Material | E200: UN | F200: 2,5844000 | H200: 76,69 | J200: 198,20 | L200: 198.19764 | M200: 0,01% | N200: 1453293.9 | O200: 99,52%
A201: 00034548 | B201: SINAPI | C201: TELA DE ACO SOLDADA GALVANIZADA/ZINCADA PARA ALVENARIA, FIO D = *1,20 A 1,70* MM, MALHA 15 X 15 MM, (C X L) *50 X 17,5* CM | D201: Material | E201: M | F201: 29,8242000 | H201: 6,62 | J201: 197,44 | L201: 197.4362 | M201: 0,01% | N201: 1453491.3 | O201: 99,54%
A202: 00043479 | B202: SINAPI | C202: FERRAMENTAS - FAMILIA SERVENTE - MENSALISTA (ENCARGOS COMPLEMENTARES - COLETADO CAIXA) | D202: Equipamento | E202: MES | F202: 1,4000000 | H202: 140,78 | J202: 197,09 | L202: 197.092 | M202: 0,01% | N202: 1453688.4 | O202: 99,55%
A203: 00039027 | B203: SINAPI | C203: PREGO DE ACO POLIDO COM CABECA 19 X 36 (3 1/4 X 9) | D203: Material | E203: KG | F203: 8,2500000 | H203: 23,50 | J203: 193,88 | L203: 193.875 | M203: 0,01% | N203: 1453882.3 | O203: 99,56%
A204: 00037395 | B204: SINAPI | C204: PINO DE ACO COM FURO, HASTE = 27 MM (ACAO DIRETA) | D204: Material | E204: CENTO | F204: 2,1727500 | H204: 86,93 | J204: 188,88 | L204: 188.87716 | M204: 0,01% | N204: 1454071.2 | O204: 99,58%
A205: 00004250 | B205: SINAPI | C205: OPERADOR DE COMPRESSOR DE AR OU COMPRESSORISTA (HORISTA) | D205: Mão de Obra | E205: H | F205: 4,4365640 | H205: 37,36 | J205: 165,75 | L205: 165.75003 | M205: 0,01% | N205: 1454236.9 | O205: 99,59%
A206: 00043498 | B206: SINAPI | C206: EPI - FAMILIA ENGENHEIRO CIVIL - MENSALISTA (ENCARGOS COMPLEMENTARES - COLETADO CAIXA) | D206: Equipamento | E206: MES | F206: 0,8750000 | H206: 179,09 | J206: 156,70 | L206: 156.70375 | M206: 0,01% | N206: 1454393.6 | O206: 99,60%
... A382: 00043476 | B382: SINAPI | C382: FERRAMENTAS - FAMILIA OPERADOR ESCAVADEIRA - MENSALISTA (ENCARGOS COMPLEMENTARES - COLETADO CAIXA) | D382: Equipamento | E382: MES | F382: 4,0000000 | H382: 0,01 | J382: 0,04 | L382: 0.04 | M382: 0,00% | N382: 1460249.5 | O382: 100,00%
L383: Totais por Tipo
K384: Equipamento | O384: R$ 173.415,55
K385: Equipamento para Aquisição Permanente | O385: R$ 599,27
K386: Mão de Obra | O386: R$ 595.856,06
K387: Material | O387: R$ 690.248,14
K388: Serviços | O388: R$ 0,00
K389: Taxas | O389: R$ 0,00
K390: Administração | O390: R$ 0,00
K391: Aluguel | O391: R$ 0,00
K392: Verba | O392: R$ 0,00
K393: Transporte | O393: R$ 0,00
K394: Franquia | O394: R$ 130,46
K395: Outros | O395: R$ 0,00
K397: Total sem BDI | M397: 1190513.9
K398: Total do BDI | M398: 269750.57
K399: Total Geral | M399: 1460264.5

Sheet Enc. Sociais
A11: PLANILHA DE ENCARGOS SOCIAIS
A12: =Sintético!A12 -> UFF- DIREITO II | E12: =Sintético!E12 -> PROCESSO: 23069.164735/2025-38
A13: =Sintético!A13 -> LOCAL: RUA TIRADENTES, 17, INGÁ, NITERÓI/RJ, CEP 24210-510 | E13: =Sintético!E13 -> ARTs: ANEXADAS AO PROCESSO
A14: =Sintético!A14 -> NOME DA OBRA: RECUPERAÇÃO DO TELHADO DA FACULDADE DE DIREITO - CAMPUS II | E14: =Sintético!E14 -> BDI | F14: =Sintético!F14 -> BDI DIF. | G14: =Sintético!G14 -> REGIME TRIBUTÁRIO | H14: =Sintético!H14 -> DATA-BASE | I14: =Sintético!I14 -> REVISÃO
A15: =Sintético!A15 -> BASE DE DADOS: SINAPI, SICRO 3, SBC, EMOP e SCO (RJ) | E15: =Sintético!E15 -> 0.2267 | F15: =Sintético!F15 -> 0 | G15: =Sintético!G15 -> NÃO DESONERADO | H15: =Sintético!H15 -> 45778 | I15: =Sintético!I15 -> R00

Sheet Fisico Financeiro
A11: PLANILHA DE CRONOGRAMA FÍSICO-FINANCEIRO
A12: ='Enc. Sociais'!A12:D12 -> UFF- DIREITO II | E12: ='Enc. Sociais'!E12:I12 -> PROCESSO: 23069.164735/2025-38
A13: ='Enc. Sociais'!A13:D13 -> LOCAL: RUA TIRADENTES, 17, INGÁ, NITERÓI/RJ, CEP 24210-510 | E13: ='Enc. Sociais'!E13:I13 -> ARTs: ANEXADAS AO PROCESSO
A14: ='Enc. Sociais'!A14:D14 -> NOME DA OBRA: RECUPERAÇÃO DO TELHADO DA FACULDADE DE DIREITO - CAMPUS II | E14: BDI | F14: BDI DIF | G14: REGIME TRIBUTÁRIO | I14: DATA-BASE | O14: REVISÃO
A15: ='Enc. Sociais'!A15:D15 -> BASE DE DADOS: SINAPI, SICRO 3, SBC, EMOP e SCO (RJ) | E15: 0.2267 | G15: NÃO DESONERADO | I15: ='Enc. Sociais'!H15 -> 45778
A17: ITEM | B17: SERVIÇO | C17: TOTAL POR ETAPA | D17: Mês 01 | E17: Mês 02 | F17: Mês 03 | G17: Mês 04 | H17: Mês 05 | I17: Mês 06 | J17: Mês 07 | K17: Mês 08 | L17: Mês 09 | M17: Mês 10 | N17: Mês 11 | O17: % GLOBAL
C18: % Planejado | O18: TOTAL (R$)
O19: % TOTAL
A20: 1 | B20: PROJETO | O20: =TRUNC(O21/$C$103,2) -> 0
D21: =$C$20*D22 -> 0 | E21: =$C$20*E22 -> 0 | F21: =$C$20*F22 -> 0 | G21: =$C$20*G22 -> 0 | H21: =$C$20*H22 -> 0 | I21: =$C$20*I22 -> 0 | J21: =$C$20*J22 -> 0 | N21: =$C$20*N22 -> 0 | O21: =SUM(D21:N21) -> 0
D22: 0 | E22: 0 | F22: 0 | G22: 0 | H22: 0 | I22: 0 | J22: 0 | N22: 0 | O22: =SUM(D22:N22) -> 0
A23: 1 | B23: PROJETOS | C23: 22145.34 | O23: =TRUNC(O24/$C$103,2) -> 0.01
D24: =$C$23*D25 -> 3764.7078 | E24: =$C$23*E25 -> 18380.632 | F24: =$C$23*F25 -> 0 | G24: =$C$23*G25 -> 0 | H24: =$C$23*H25 -> 0 | I24: =$C$23*I25 -> 0 | J24: =$C$23*J25 -> 0 | K24: =$C$23*K25 -> 0 | ... N24: =$C$23*N25 -> 0 | O24: =SUM(D24:N24) -> 22145.34
D25: 0.17 | E25: 0.83 | F25: 0 | G25: 0 | H25: 0 | I25: 0 | J25: 0 | K25: 0 | L25: 0 | M25: 0 | N25: 0 | O25: =SUM(D25:N25) -> 1
A26: 2 | B26: GERENCIAMENTO DA OBRA | C26: 120434.96 | O26: =TRUNC(O27/$C$103,2) -> 0.08
D27: =$C$26*D28 -> 3613.0488 | E27: =$C$26*E28 -> 6021.748 | F27: =$C$26*F28 -> 14452.195 | G27: =$C$26*G28 -> 31313.09 | H27: =$C$26*H28 -> 30108.74 | I27: =$C$26*I28 -> 27700.041 | J27: =$C$26*J28 -> 7226.0976 | K27: =$C$26*K28 -> 0 | ... N27: =$C$26*N28 -> 0 | O27: =SUM(D27:N27) -> 120434.96
D28: 0.03 | E28: 0.05 | F28: 0.12 | G28: 0.26 | H28: 0.25 | I28: 0.23 | J28: 0.06 | K28: 0 | L28: 0 | M28: 0 | N28: 0 | O28: =SUM(D28:N28) -> 1
A29: 3 | B29: SERVIÇOS PRELIMINARES | C29: 74708.6 | O29: =TRUNC(O30/$C$103,2) -> 0.05
D30: =$C$29*D31 -> 33618.87 | E30: =$C$29*E31 -> 41089.73 | F30: =$C$29*F31 -> 0 | G30: =$C$29*G31 -> 0 | H30: =$C$29*H31 -> 0 | I30: =$C$29*I31 -> 0 | J30: =$C$29*J31 -> 0 | K30: =$C$29*K31 -> 0 | ... N30: =$C$29*N31 -> 0 | O30: =SUM(D30:N30) -> 74708.6
D31: 0.45 | E31: 0.55 | F31: 0 | G31: 0 | H31: 0 | I31: 0 | J31: 0 | K31: 0 | L31: 0 | M31: 0 | N31: 0 | O31: =SUM(D31:N31) -> 1
A32: 4 | B32: MOVIMENTO DE TERRA | C32: 2173.39 | O32: =TRUNC(O33/$C$103,2) -> 0
D33: =$C$32*D34 -> 0 | E33: =$C$32*E34 -> 0 | F33: =$C$32*F34 -> 869.356 | G33: =$C$32*G34 -> 1304.034 | H33: =$C$32*H34 -> 0 | I33: =$C$32*I34 -> 0 | J33: =$C$32*J34 -> 0 | K33: =$C$32*K34 -> 0 | ... N33: =$C$32*N34 -> 0 | O33: =SUM(D33:N33) -> 2173.39
D34: 0 | E34: 0 | F34: 0.4 | G34: 0.6 | H34: 0 | I34: 0 | J34: 0 | K34: 0 | L34: 0 | M34: 0 | N34: 0 | O34: =SUM(D34:N34) -> 1
A35: 5 | B35: SUPERESTRUTURA | C35: 100144.34 | O35: =TRUNC(O36/$C$103,2) -> 0.06
D36: =$C$35*D37 -> 0 | E36: =$C$35*E37 -> 0 | F36: =$C$35*F37 -> 0 | G36: =$C$35*G37 -> 35050.519 | H36: =$C$35*H37 -> 40057.736 | I36: =$C$35*I37 -> 25036.085 | J36: =$C$35*J37 -> 0 | K36: =$C$35*K37 -> 0 | ... N36: =$C$35*N37 -> 0 | O36: =SUM(D36:N36) -> 100144.34
D37: 0 | E37: 0 | F37: 0 | G37: 0.35 | H37: 0.4 | I37: 0.25 | J37: 0 | K37: 0 | L37: 0 | M37: 0 | N37: 0 | O37: =SUM(D37:N37) -> 1
A38: 6 | B38: ALVENARIA | C38: 36740.77 | O38: =TRUNC(O39/$C$103,2) -> 0.02
D39: =$C$38*D40 -> 0 | E39: =$C$38*E40 -> 0 | F39: =$C$38*F40 -> 22044.462 | G39: =$C$38*G40 -> 14696.308 | H39: =$C$38*H40 -> 0 | I39: =$C$38*I40 -> 0 | J39: =$C$38*J40 -> 0 | K39: =$C$38*K40 -> 0 | ... N39: =$C$38*N40 -> 0 | O39: =SUM(D39:N39) -> 36740.77
D40: 0 | E40: 0 | F40: 0.6 | G40: 0.4 | H40: 0 | I40: 0 | J40: 0 | K40: 0 | L40: 0 | M40: 0 | N40: 0 | O40: =SUM(D40:N40) -> 1
A41: 7 | B41: COBERTURA | C41: 235343.2 | O41: =TRUNC(O42/$C$103,2) -> 0.16
D42: =$C$41*D43 -> 0 | E42: =$C$41*E43 -> 0 | F42: =$C$41*F43 -> 47068.64 | G42: =$C$41*G43 -> 70602.96 | H42: =$C$41*H43 -> 70602.96 | I42: =$C$41*I43 -> 47068.64 | J42: =$C$41*J43 -> 0 | K42: =$C$41*K43 -> 0 | ... N42: =$C$41*N43 -> 0 | O42: =SUM(D42:N42) -> 235343.2
D43: 0 | E43: 0 | F43: 0.2 | G43: 0.3 | H43: 0.3 | I43: 0.2 | J43: 0 | K43: 0 | L43: 0 | M43: 0 | N43: 0 | O43: =SUM(D43:N43) -> 1
A44: 8 | B44: INSTALAÇÕES PLUVIAIS | C44: 47538.08 | O44: =TRUNC(O45/$C$103,2) -> 0.03
D45: =$C$44*D46 -> 0 | E45: =$C$44*E46 -> 0 | F45: =$C$44*F46 -> 23769.04 | G45: =$C$44*G46 -> 23769.04 | H45: =$C$44*H46 -> 0 | I45: =$C$44*I46 -> 0 | J45: =$C$44*J46 -> 0 | K45: =$C$44*K46 -> 0 | ... N45: =$C$44*N46 -> 0 | O45: =SUM(D45:N45) -> 47538.08
D46: 0 | E46: 0 | F46: 0.5 | G46: 0.5 | H46: 0 | I46: 0 | J46: 0 | K46: 0 | L46: 0 | M46: 0 | N46: 0 | O46: =SUM(D46:N46) -> 1
A47: 9 | B47: REVESTIMENTO | C47: 114958.53 | O47: =TRUNC(O48/$C$103,2) -> 0.07
D48: =$C$47*D49 -> 0 | E48: =$C$47*E49 -> 0 | F48: =$C$47*F49 -> 0 | G48: =$C$47*G49 -> 68975.118 | H48: =$C$47*H49 -> 45983.412 | I48: =$C$47*I49 -> 0 | J48: =$C$47*J49 -> 0 | K48: =$C$47*K49 -> 0 | ... N48: =$C$47*N49 -> 0 | O48: =SUM(D48:N48) -> 114958.53
D49: 0 | E49: 0 | F49: 0 | G49: 0.6 | H49: 0.4 | I49: 0 | J49: 0 | K49: 0 | L49: 0 | M49: 0 | N49: 0 | O49: =SUM(D49:N49) -> 1
A50: 10 | B50: IMPERMEABILIZAÇÃO | C50: 202770.97 | O50: =TRUNC(O51/$C$103,2) -> 0.13
D51: =$C$50*D52 -> 0 | E51: =$C$50*E52 -> 0 | F51: =$C$50*F52 -> 60831.291 | G51: =$C$50*G52 -> 58803.581 | H51: =$C$50*H52 -> 58803.581 | I51: =$C$50*I52 -> 24332.516 | J51: =$C$50*J52 -> 0 | K51: =$C$50*K52 -> 0 | ... N51: =$C$50*N52 -> 0 | O51: =SUM(D51:N51) -> 202770.97
D52: 0 | E52: 0 | F52: 0.3 | G52: 0.29 | H52: 0.29 | I52: 0.12 | J52: 0 | K52: 0 | L52: 0 | M52: 0 | N52: 0 | O52: =SUM(D52:N52) -> 1
A53: 11 | B53: PISO | C53: 3611.1 | O53: =TRUNC(O54/$C$103,2) -> 0
D54: =$C$53*D55 -> 0 | E54: =$C$53*E55 -> 0 | F54: =$C$53*F55 -> 0 | G54: =$C$53*G55 -> 0 | H54: =$C$53*H55 -> 0 | I54: =$C$53*I55 -> 3611.1 | J54: =$C$53*J55 -> 0 | K54: =$C$53*K55 -> 0 | ... N54: =$C$53*N55 -> 0 | O54: =SUM(D54:N54) -> 3611.1
D55: 0 | E55: 0 | F55: 0 | G55: 0 | H55: 0 | I55: 1 | J55: 0 | K55: 0 | L55: 0 | M55: 0 | N55: 0 | O55: =SUM(D55:N55) -> 1
A56: 12 | B56: PINTURA | C56: 109033.97 | O56: =TRUNC(O57/$C$103,2) -> 0.07
D57: =$C$56*D58 -> 0 | E57: =$C$56*E58 -> 0 | F57: =$C$56*F58 -> 0 | G57: =$C$56*G58 -> 16355.095 | H57: =$C$56*H58 -> 27258.493 | I57: =$C$56*I58 -> 45794.267 | J57: =$C$56*J58 -> 19626.115 | K57: =$C$56*K58 -> 0 | ... N57: =$C$56*N58 -> 0 | O57: =SUM(D57:N57) -> 109033.97
D58: 0 | E58: 0 | F58: 0 | G58: 0.15 | H58: 0.25 | I58: 0.42 | J58: 0.18 | K58: 0 | L58: 0 | M58: 0 | N58: 0 | O58: =SUM(D58:N58) -> 1
A59: 13 | B59: SERVIÇOS COMPLEMENTARES | C59: 390661.27 | O59: =TRUNC(O60/$C$103,2) -> 0.26
D60: =$C$59*D61 -> 3906.6127 | E60: =$C$59*E61 -> 3906.6127 | F60: =$C$59*F61 -> 3906.6127 | G60: =$C$59*G61 -> 54692.578 | H60: =$C$59*H61 -> 93758.705 | I60: =$C$59*I61 -> 160171.12 | J60: =$C$59*J61 -> 70319.029 | K60: =$C$59*K61 -> 0 | ... N60: =$C$59*N61 -> 0 | O60: =SUM(D60:N60) -> 390661.27
D61: 0.01 | E61: 0.01 | F61: 0.01 | G61: 0.14 | H61: 0.24 | I61: 0.41 | J61: 0.18 | K61: 0 | L61: 0 | M61: 0 | N61: 0 | O61: =SUM(D61:N61) -> 1
O62: =TRUNC(O63/$C$103,2) -> 0
D63: =$C$62*D64 -> 0 | E63: =$C$62*E64 -> 0 | F63: =$C$62*F64 -> 0 | G63: =$C$62*G64 -> 0 | H63: =$C$62*H64 -> 0 | I63: =$C$62*I64 -> 0 | J63: =$C$62*J64 -> 0 | K63: =$C$62*K64 -> 0 | ... N63: =$C$62*N64 -> 0 | O63: =SUM(D63:N63) -> 0
D64: 0 | E64: 0 | F64: 0 | G64: 0 | H64: 0 | I64: 0 | J64: 0 | K64: 0 | L64: 0 | M64: 0 | N64: 0 | O64: =SUM(D64:N64) -> 0
O65: =TRUNC(O66/$C$103,2) -> 0
D66: =$C$65*D67 -> 0 | E66: =$C$65*E67 -> 0 | F66: =$C$65*F67 -> 0 | G66: =$C$65*G67 -> 0 | H66: =$C$65*H67 -> 0 | I66: =$C$65*I67 -> 0 | J66: =$C$65*J67 -> 0 | K66: =$C$65*K67 -> 0 | ... N66: =$C$65*N67 -> 0 | O66: =SUM(D66:N66) -> 0
D67: 0 | E67: 0 | F67: 0 | G67: 0 | H67: 0 | I67: 0 | J67: 0 | K67: 0 | L67: 0 | M67: 0 | N67: 0 | O67: =SUM(D67:N67) -> 0
O68: =TRUNC(O69/$C$103,2) -> 0
D69: =$C$68*D70 -> 0 | E69: =$C$68*E70 -> 0 | F69: =$C$68*F70 -> 0 | G69: =$C$68*G70 -> 0 | H69: =$C$68*H70 -> 0 | I69: =$C$68*I70 -> 0 | J69: =$C$68*J70 -> 0 | K69: =$C$68*K70 -> 0 | ... N69: =$C$68*N70 -> 0 | O69: =SUM(D69:N69) -> 0
D70: 0 | E70: 0 | F70: 0 | G70: 0 | H70: 0 | I70: 0 | J70: 0 | K70: 0 | L70: 0 | M70: 0 | N70: 0 | O70: =SUM(D70:N70) -> 0
O71: =TRUNC(O72/$C$103,2) -> 0
D72: =$C$71*D73 -> 0 | E72: =$C$71*E73 -> 0 | F72: =$C$71*F73 -> 0 | G72: =$C$71*G73 -> 0 | H72: =$C$71*H73 -> 0 | I72: =$C$71*I73 -> 0 | J72: =$C$71*J73 -> 0 | K72: =$C$71*K73 -> 0 | ... N72: =$C$71*N73 -> 0 | O72: =SUM(D72:N72) -> 0
D73: 0 | E73: 0 | F73: 0 | G73: 0 | H73: 0 | I73: 0 | J73: 0 | K73: 0 | L73: 0 | M73: 0 | N73: 0 | O73: =SUM(D73:N73) -> 0
O74: =TRUNC(O75/$C$103,2) -> 0
D75: =$C$74*D76 -> 0 | E75: =$C$74*E76 -> 0 | F75: =$C$74*F76 -> 0 | G75: =$C$74*G76 -> 0 | H75: =$C$74*H76 -> 0 | I75: =$C$74*I76 -> 0 | J75: =$C$74*J76 -> 0 | K75: =$C$74*K76 -> 0 | ... N75: =$C$74*N76 -> 0 | O75: =SUM(D75:N75) -> 0
D76: 0 | E76: 0 | F76: 0 | G76: 0 | H76: 0 | I76: 0 | J76: 0 | K76: 0 | L76: 0 | M76: 0 | N76: 0 | O76: =SUM(D76:N76) -> 0
O77: =TRUNC(O78/$C$103,2) -> 0
D78: =$C$77*D79 -> 0 | E78: =$C$77*E79 -> 0 | F78: =$C$77*F79 -> 0 | G78: =$C$77*G79 -> 0 | H78: =$C$77*H79 -> 0 | I78: =$C$77*I79 -> 0 | J78: =$C$77*J79 -> 0 | K78: =$C$77*K79 -> 0 | ... N78: =$C$77*N79 -> 0 | O78: =SUM(D78:N78) -> 0
D79: 0 | E79: 0 | F79: 0 | G79: 0 | H79: 0 | I79: 0 | J79: 0 | K79: 0 | L79: 0 | M79: 0 | N79: 0 | O79: =SUM(D79:N79) -> 0
O80: =TRUNC(O81/$C$103,2) -> 0
D81: =$C$80*D82 -> 0 | E81: =$C$80*E82 -> 0 | F81: =$C$80*F82 -> 0 | G81: =$C$80*G82 -> 0 | H81: =$C$80*H82 -> 0 | I81: =$C$80*I82 -> 0 | J81: =$C$80*J82 -> 0 | K81: =$C$80*K82 -> 0 | ... N81: =$C$80*N82 -> 0 | O81: =SUM(D81:N81) -> 0
D82: 0 | E82: 0 | F82: 0 | G82: 0 | H82: 0 | I82: 0 | J82: 0 | K82: 0 | L82: 0 | M82: 0 | N82: 0 | O82: =SUM(D82:N82) -> 0
O83: =TRUNC(O84/$C$103,2) -> 0
D84: =$C$83*D85 -> 0 | E84: =$C$83*E85 -> 0 | F84: =$C$83*F85 -> 0 | G84: =$C$83*G85 -> 0 | H84: =$C$83*H85 -> 0 | I84: =$C$83*I85 -> 0 | J84: =$C$83*J85 -> 0 | K84: =$C$83*K85 -> 0 | ... N84: =$C$83*N85 -> 0 | O84: =SUM(D84:N84) -> 0
D85: 0 | E85: 0 | F85: 0 | G85: 0 | H85: 0 | I85: 0 | J85: 0 | K85: 0 | L85: 0 | M85: 0 | N85: 0 | O85: =SUM(D85:N85) -> 0
O86: =TRUNC(O87/$C$103,2) -> 0
D87: =$C$86*D88 -> 0 | E87: =$C$86*E88 -> 0 | F87: =$C$86*F88 -> 0 | G87: =$C$86*G88 -> 0 | H87: =$C$86*H88 -> 0 | I87: =$C$86*I88 -> 0 | J87: =$C$86*J88 -> 0 | K87: =$C$86*K88 -> 0 | ... N87: =$C$86*N88 -> 0 | O87: =SUM(D87:N87) -> 0
D88: 0 | E88: 0 | F88: 0 | G88: 0 | H88: 0 | I88: 0 | J88: 0 | K88: 0 | L88: 0 | M88: 0 | N88: 0 | O88: =SUM(D88:N88) -> 0
O89: =TRUNC(O90/$C$103,2) -> 0
D90: =$C$89*D91 -> 0 | E90: =$C$89*E91 -> 0 | F90: =$C$89*F91 -> 0 | G90: =$C$89*G91 -> 0 | H90: =$C$89*H91 -> 0 | I90: =$C$89*I91 -> 0 | J90: =$C$89*J91 -> 0 | K90: =$C$89*K91 -> 0 | ... N90: =$C$89*N91 -> 0 | O90: =SUM(D90:N90) -> 0
D91: 0 | E91: 0 | F91: 0 | G91: 0 | H91: 0 | I91: 0 | J91: 0 | K91: 0 | L91: 0 | M91: 0 | N91: 0 | O91: =SUM(D91:N91) -> 0
O92: =TRUNC(O93/$C$103,2) -> 0
D93: =$C$92*D94 -> 0 | E93: =$C$92*E94 -> 0 | F93: =$C$92*F94 -> 0 | G93: =$C$92*G94 -> 0 | H93: =$C$92*H94 -> 0 | I93: =$C$92*I94 -> 0 | J93: =$C$92*J94 -> 0 | K93: =$C$92*K94 -> 0 | ... N93: =$C$92*N94 -> 0 | O93: =SUM(D93:N93) -> 0
D94: 0 | E94: 0 | F94: 0 | G94: 0 | H94: 0 | I94: 0 | J94: 0 | K94: 0 | L94: 0 | M94: 0 | N94: 0 | O94: =SUM(D94:N94) -> 0
O95: =TRUNC(O96/$C$103,2) -> 0
D96: =$C$95*D97 -> 0 | E96: =$C$95*E97 -> 0 | F96: =$C$95*F97 -> 0 | G96: =$C$95*G97 -> 0 | H96: =$C$95*H97 -> 0 | I96: =$C$95*I97 -> 0 | J96: =$C$95*J97 -> 0 | K96: =$C$95*K97 -> 0 | ... N96: =$C$95*N97 -> 0 | O96: =SUM(D96:N96) -> 0
D97: 0 | E97: 0 | F97: 0 | G97: 0 | H97: 0 | I97: 0 | J97: 0 | K97: 0 | L97: 0 | M97: 0 | N97: 0 | O97: =SUM(D97:N97) -> 0
O98: =TRUNC(O99/$C$103,2) -> 0
D99: =$C$98*D100 -> 0 | E99: =$C$98*E100 -> 0 | F99: =$C$98*F100 -> 0 | G99: =$C$98*G100 -> 0 | H99: =$C$98*H100 -> 0 | I99: =$C$98*I100 -> 0 | J99: =$C$98*J100 -> 0 | K99: =$C$98*K100 -> 0 | ... N99: =$C$98*N100 -> 0 | O99: =SUM(D99:N99) -> 0
D100: 0 | E100: 0 | F100: 0 | G100: 0 | H100: 0 | I100: 0 | J100: 0 | K100: 0 | L100: 0 | M100: 0 | N100: 0 | O100: =SUM(D100:N100) -> 0
A101: Medição mensal s/ administração | C101: =SUM(C98,C95,C92,C89,C86,C83,C80,C77,C74,C71,C68,C65,C62,C59,C56,C53,C50,C47,C44,C41,C38,C35,C32,C29,C23) -> 1339829.6 | D101: =SUM(D99,D96,D93,D90,D87,D84,D81,D78,D75,D72,D69,D66,D63,D60,D57,D54,D51,D48,D45,D42,D39,D36,D33,D30,D24) -> 41290.19 | E101: =SUM(E99,E96,E93,E90,E87,E84,E81,E78,E75,E72,E69,E66,E63,E60,E57,E54,E51,E48,E45,E42,E39,E36,E33,E30,E24) -> 63376.975 | F101: =SUM(F99,F96,F93,F90,F87,F84,F81,F78,F75,F72,F69,F66,F63,F60,F57,F54,F51,F48,F45,F42,F39,F36,F33,F30,F24) -> 158489.4 | G101: =SUM(G99,G96,G93,G90,G87,G84,G81,G78,G75,G72,G69,G66,G63,G60,G57,G54,G51,G48,G45,G42,G39,G36,G33,G30,G24) -> 344249.23 | H101: =SUM(H99,H96,H93,H90,H87,H84,H81,H78,H75,H72,H69,H66,H63,H60,H57,H54,H51,H48,H45,H42,H39,H36,H33,H30,H24) -> 336464.89 | I101: =SUM(I99,I96,I93,I90,I87,I84,I81,I78,I75,I72,I69,I66,I63,I60,I57,I54,I51,I48,I45,I42,I39,I36,I33,I30,I24) -> 306013.73 | J101: =SUM(J99,J96,J93,J90,J87,J84,J81,J78,J75,J72,J69,J66,J63,J60,J57,J54,J51,J48,J45,J42,J39,J36,J33,J30,J24) -> 89945.143 | K101: =SUM(K99,K96,K93,K90,K87,K84,K81,K78,K75,K72,K69,K66,K63,K60,K57,K54,K51,K48,K45,K42,K39,K36,K33,K30,K24) -> 0 | ... N101: =SUM(N99,N96,N93,N90,N87,N84,N81,N78,N75,N72,N69,N66,N63,N60,N57,N54,N51,N48,N45,N42,N39,N36,N33,N30,N24) -> 0 | O101: =SUM(D101:N101) -> 1339829.6 | Q101: Ocultar esta linha e a abaixo após finalizar o preenchimento do cronograma
A102: % mensal s/ administração | D102: =D101/$C$101 -> 0.030817495 | E102: =E101/$C$101 -> 0.047302266 | F102: =F101/$C$101 -> 0.11829072 | G102: =G101/$C$101 -> 0.25693509 | H102: =H101/$C$101 -> 0.25112514 | I102: =I101/$C$101 -> 0.22839751 | J102: =J101/$C$101 -> 0.06713178 | K102: =K101/$C$101 -> 0 | ... N102: =N101/$C$101 -> 0 | O102: =SUM(D102:N102) -> 1
A103: Medição mensal | C103: =SUM(C98,C95,C92,C89,C86,C83,C80,C77,C74,C71,C68,C65,C62,C59,C56,C53,C50,C47,C44,C41,C38,C35,C32,C29,C26,C23) -> 1460264.5 | D103: =SUM(D99,D96,D93,D90,D87,D84,D81,D78,D75,D72,D69,D66,D63,D60,D57,D54,D51,D48,D45,D42,D39,D36,D33,D30,D27,D24) -> 44903.239 | E103: =SUM(E99,E96,E93,E90,E87,E84,E81,E78,E75,E72,E69,E66,E63,E60,E57,E54,E51,E48,E45,E42,E39,E36,E33,E30,E27,E24) -> 69398.723 | F103: =SUM(F99,F96,F93,F90,F87,F84,F81,F78,F75,F72,F69,F66,F63,F60,F57,F54,F51,F48,F45,F42,F39,F36,F33,F30,F27,F24) -> 172941.6 | G103: =SUM(G99,G96,G93,G90,G87,G84,G81,G78,G75,G72,G69,G66,G63,G60,G57,G54,G51,G48,G45,G42,G39,G36,G33,G30,G27,G24) -> 375562.32 | H103: =SUM(H99,H96,H93,H90,H87,H84,H81,H78,H75,H72,H69,H66,H63,H60,H57,H54,H51,H48,H45,H42,H39,H36,H33,H30,H27,H24) -> 366573.63 | I103: =SUM(I99,I96,I93,I90,I87,I84,I81,I78,I75,I72,I69,I66,I63,I60,I57,I54,I51,I48,I45,I42,I39,I36,I33,I30,I27,I24) -> 333713.77 | J103: =SUM(J99,J96,J93,J90,J87,J84,J81,J78,J75,J72,J69,J66,J63,J60,J57,J54,J51,J48,J45,J42,J39,J36,J33,J30,J27,J24) -> 97171.241 | K103: =SUM(K99,K96,K93,K90,K87,K84,K81,K78,K75,K72,K69,K66,K63,K60,K57,K54,K51,K48,K45,K42,K39,K36,K33,K30,K27,K24) -> 0 | ... N103: =SUM(N99,N96,N93,N90,N87,N84,N81,N78,N75,N72,N69,N66,N63,N60,N57,N54,N51,N48,N45,N42,N39,N36,N33,N30,N27,N24) -> 0 | O103: =SUM(D103:N103) -> 1460264.5
A104: Medição mensal acumulada | D104: =D103 -> 44903.239 | E104: =E103+D104 -> 114301.96 | F104: =F103+E104 -> 287243.56 | G104: =G103+F104 -> 662805.88 | H104: =H103+G104 -> 1029379.5 | I104: =I103+H104 -> 1363093.3 | J104: =J103+I104 -> 1460264.5 | K104: =J104+K103 -> 1460264.5 | L104: =K104+L103 -> 1460264.5 | M104: =L104+M103 -> 1460264.5 | N104: =N103+J104 -> 1460264.5 | O104: =N104+O103 -> 2920529
A105: % mensal | D105: =D103/$C$103 -> 0.030750072 | E105: =E103/$C$103 -> 0.047524761 | F105: =F103/$C$103 -> 0.11843169 | G105: =G103/$C$103 -> 0.25718787 | H105: =H103/$C$103 -> 0.25103234 | I105: =I103/$C$103 -> 0.22852967 | J105: =J103/$C$103 -> 0.066543588 | K105: =K103/$C$103 -> 0 | ... N105: =N103/$C$103 -> 0 | O105: =SUM(D105:N105) -> 1
A106: % acumulado | D106: =D105 -> 0.030750072 | E106: =D106+E105 -> 0.078274834 | F106: =E106+F105 -> 0.19670652 | G106: =F106+G105 -> 0.4538944 | H106: =G106+H105 -> 0.70492674 | I106: =H106+I105 -> 0.93345641 | J106: =I106+J105 -> 1 | K106: =J106+K105 -> 1 | L106: =K106+L105 -> 1 | ... N106: =M106+N105 -> 1

Sheet Entulho
A11: RESUMO QUANTITATIVO ENTULHO
